Cogmind - Beta 16 @@@ ROGUE MODE // 2025.10.27 @ 03:48:04 Player: cptwinky Result: Destroyed by Striker with Plasma Lance Performance ------------- Evolutions (8) 4000 Regions Visited (28) 5600 Robots Destroyed (538) 2690 Value Destroyed (27166) 27166 Prototype IDs (155) 3100 Alien Tech Used (3) 600 Bonus (12836) 12836 TOTAL SCORE: 55992 Bonus ------- High Alert Combat Kills 9379 Follower Combat Kills 768 Awakened Behemoth Slayer 1000 Registered with UFD 300 Met Optimus in HQ 500 Met Imprinter 300 Met Zhirov 300 Met Warlord at Base 500 MAIN.C Attacked Warlord 500 Warlord Defense Kills 3956 Met Optimus at Protoforge 1000 Friendly Fire -5667 Cogmind --------- Core Integrity 0/1450 Matter 300/300 Energy 395/465 System Corruption 23% Temperature Cool (0) Movement Rolling (80) Ox1 Location -2/Protoforge Parts ------- > --- POWER (3) -------- Reinforced Antimatter Reactor Micro Antimatter Reactor Light Quantum Reactor > --- PROPULSION (8) --- Overtuned Huge Scrapsphere Overtuned Huge Scrapsphere Overtuned Huge Scrapsphere > --- UTILITY (11) ----- Scrap Suit Large Storage Unit Experimental Optical Array Experimental Targeting Computer Experimental Core Analyzer SHELL Armor Graphene Brace > --- WEAPON (2) ------- Overtuned Railgun > --- INVENTORY (15) --- Makeshift Microdissipator Network Experimental Energy Well (600) Potential Cannon Overtuned Coil Gun Peak State ------------ > --- POWER ------------ Improved Quantum Reactor Improved Quantum Reactor Improved Quantum Reactor > --- PROPULSION ------- Cooled Antigrav System Combat Antigrav System Combat Antigrav System Combat Antigrav System Combat Linear Gravjet Combat Linear Gravjet Combat Linear Gravjet Combat Linear Gravjet > --- UTILITY ---------- Advanced Cooling System Large Storage Unit Enhanced Optical Array Experimental Active Sensor Suite Experimental Targeting Computer Experimental Core Analyzer SHELL Armor Graphene Brace > --- WEAPON ----------- Concept XC Strikerail Concept XC Strikerail > --- INVENTORY -------- Light Antimatter Reactor Combat Linear Gravjet Experimental Energy Well Advanced Sensor Array Experimental ECM Suite Experimental Reaction Control System Experimental Reaction Control System Supercharged TR Enhanced Nova Cannon Potential Cannon Concept XC Strikerail Advanced Remote Datajack Vortex Lance CR-A16's Behemoth Slayer [Rating: 224] Favorites ----------- Power Cooled Ion Engine Engine Cooled Ion Engine Power Core Micro Fission Core Reactor Light Quantum Reactor Propulsion Combat Gravmag System Treads Improved Treads Leg Improved Titanium Leg Wheel Armored Wheel Hover Unit Combat Gravmag System Flight Unit Improved Flight Unit Utility Large Storage Unit Device Advanced Cooling System Storage Large Storage Unit Processor Enhanced Optical Array Hackware Advanced Hacking Suite Protection SHELL Armor Weapon Improved Medium Laser Energy Gun Improved Medium Laser Energy Cannon Cooled Plasma Cannon Ballistic Gun Concept XC Strikerail Ballistic Cannon Hypervelocity Gauss Cannon Launcher Smartbomb Launcher Special Weapon Remote Datajack Impact Weapon Heavy Flail Slashing Weapon Makeshift Axe Piercing Weapon CR-A16's Behemoth Slayer Special Melee Weapon Improved Datajack Build | -11 -10 -10 -9 -9 -9 -9 -6 -6 -6 -6 -6 -6 -5 -5 -5 -5 -5 -4 -4 -4 -4 -4 -3 -3 -3 -2 -2 -2 ------- Run | Yrd Mat Min Mat Sto Rec Scr Fac Was Fac Low Low Zio Pro Fac Upp Upp Zhi Pro Fac Upp Upp War Pro Res Tes Res Qua Frg Slots Evolved 16 | . . . 2 . . . 6 . . . . . . 2 . . . . 2 . . . . 2 . 2 . . Power 1 | . . . . . . . 1 . . . . . . . . . . . . . . . . . . . . . Propulsion 6 | . . . 1 . . . 2 . . . . . . 1 . . . . 1 . . . . . . 1 . . Utility 9 | . . . 1 . . . 3 . . . . . . 1 . . . . 1 . . . . 2 . 1 . . Weapon . | . . . . . . . . . . . . . . . . . . . . . . . . . . . . . Parts Attached 351 | 6 9 5 25 20 2 6 23 9 23 12 1 1 4 27 9 2 5 3 28 . . 17 . 24 9 11 9 61 Power 50 | 1 2 1 1 3 . . 2 2 4 4 . . 1 2 . 1 . . 4 . . 1 . 4 1 2 2 12 Engine 17 | 1 2 1 1 3 . . 1 1 4 1 . . . 1 . . . . 1 . . . . . . . . . Core 12 | . . . . . . . . 1 . 3 . . 1 1 . 1 . . 2 . . . . 2 . . . 1 Reactor 21 | . . . . . . . 1 . . . . . . . . . . . 1 . . 1 . 2 1 2 2 11 Propulsion 94 | 2 1 3 10 8 . 1 5 5 3 3 . . 1 10 1 . 3 . 8 . . 9 . 5 . 2 4 10 Treads 25 | 2 . . 9 8 . . 2 . . . . . . . . . . . . . . . . . . . . 4 Leg 6 | . 1 . . . . . 3 . . . . . . . . . . . . . . 2 . . . . . . Wheel 8 | . . 3 1 . . 1 . . . . . . . . . . . . . . . . . . . . . 3 Hover 39 | . . . . . . . . . . . . . . 7 1 . 3 . 8 . . 6 . 5 . 2 4 3 Flight 16 | . . . . . . . . 5 3 3 . . 1 3 . . . . . . . 1 . . . . . . Utility 127 | 1 4 1 4 4 1 3 8 2 10 4 1 . 1 13 6 1 1 1 11 . . 4 . 12 5 4 2 23 Device 50 | . 1 . 2 2 . . 6 . 2 2 . . . 5 3 . . 1 4 . . 3 . 4 2 2 1 10 Storage 14 | 1 2 . 1 1 1 . . 1 1 . 1 . . 1 . . . . 2 . . . . . . . 1 1 Processor 22 | . . . . . . . 1 1 6 . . . . 1 . . . . 2 . . . . 1 . . . 10 Hackware 19 | . . . . . . 2 . . 1 1 . . 1 4 . . 1 . 3 . . . . 3 1 2 . . Protection 22 | . 1 1 1 1 . 1 1 . . 1 . . . 2 3 1 . . . . . 1 . 4 2 . . 2 Artifact . | . . . . . . . . . . . . . . . . . . . . . . . . . . . . . Weapon 80 | 2 2 . 10 5 1 2 8 . 6 1 . 1 1 2 2 . 1 2 5 . . 3 . 3 3 3 1 16 Energy Gun 22 | 2 1 . 8 3 . . 5 . . . . . . . . . . . . . . 1 . . 1 . . 1 Energy Cannon 10 | . . . . . . . . . . . . . . . 2 . . . 3 . . . . 1 1 3 . . Ballistic Gun 9 | . . . . 1 . . . . . 1 . . . . . . . . . . . . . . . . . 7 Ballistic Cannon 8 | . . . . . . . 1 . 1 . . . . 1 . . . . 1 . . 1 . . . . . 3 Launcher 14 | . . . 1 1 . . 2 . 2 . . . . 1 . . . . . . . . . 2 . . . 5 Special Weapon 4 | . 1 . . . . 1 . . . . . . . . . . 1 . . . . . . . . . 1 . Impact Weapon 4 | . . . 1 . . . . . . . . 1 . . . . . 1 . . . . . . 1 . . . Slashing Weapon 3 | . . . . . . . . . 2 . . . 1 . . . . . . . . . . . . . . . Piercing Weapon 3 | . . . . . . . . . . . . . . . . . . 1 1 . . 1 . . . . . . Special Melee Weapon 3 | . . . . . 1 1 . . 1 . . . . . . . . . . . . . . . . . . . Unidentified Prototypes 42 | . 1 . 1 3 . . 6 . 1 1 . . . . 1 . 2 . 3 . . 9 . . 4 1 1 8 Corrupted Parts 3 | . . . . . . 1 . . . . . . . . . . . . . . . 2 . . . . . . System Corruption 16 | . . . . . . 4 . . . . . . . . . . . . . . . 12 . . . . . . Parts Lost 79 | . 2 3 1 1 . . 8 . 3 7 . . 1 2 1 1 . . 13 . . . 1 7 . . . 28 Power 19 | . . 1 . . . . 1 . 1 2 . . . 1 . . . . 3 . . . . 2 . . . 8 Propulsion 20 | . 1 1 1 . . . 1 . 1 3 . . 1 . . . . . 4 . . . . . . . . 7 Utility 27 | . . 1 . 1 . . 3 . 1 2 . . . 1 1 1 . . 5 . . . 1 3 . . . 7 Weapon 13 | . 1 . . . . . 3 . . . . . . . . . . . 1 . . . . 2 . . . 6 Highest Loss Streak 6 | . 2 2 1 1 . . 6 . 1 5 . . 1 1 1 1 . . 4 . . . 1 4 . . . 3 To Critical Strikes . | . . . . . . . . . . . . . . . . . . . . . . . . . . . . . Average Backups 14 | 4 11 12 18 19 20 21 21 12 8 8 10 10 9 10 13 14 14 14 13 14 14 14 14 14 14 13 14 10 Power . | . 1 1 . 1 1 1 . 1 . . 1 1 . . . . . . . . . . . . . . . . Propulsion 2 | 2 3 2 3 5 6 5 6 1 . 1 1 1 . 1 2 2 2 2 . . . . 1 1 1 1 1 . Utility 5 | . 3 5 6 4 4 7 5 2 2 3 4 3 4 4 6 8 7 7 6 8 8 8 7 6 8 7 7 3 Weapon 4 | 1 2 3 6 7 7 5 5 4 3 3 4 4 4 2 3 3 3 3 3 4 3 3 3 3 3 3 4 3 Tool/Special . | . . . . . . . . . . . . . . . . . . . . . . . . . . . . . Unused Backups 81 | . 6 . 13 . . 13 13 4 3 2 . 1 1 3 1 . 2 . 4 1 2 4 . . . 2 1 5 Power 5 | . 1 . . . . 2 2 . . . . . . . . . . . . . . . . . . . . . Propulsion 13 | . 5 . . . . 3 3 . . . . . . . . . . . . . . 1 . . . . . 1 Utility 39 | . . . 4 . . 6 6 1 1 2 . 1 . 3 1 . 2 . 3 1 . 3 . . . 2 . 3 Weapon 19 | . . . 9 . . 2 2 2 1 . . . 1 . . . . . . . 2 . . . . . . . Tool/Special 5 | . . . . . . . . 1 1 . . . . . . . . . 1 . . . . . . . 1 1 Average Slot Usage (%) 90 | . 93 99 99 100 100 89 84 88 90 80 75 75 77 83 98 98 92 99 92 95 95 89 94 96 92 90 90 79 Engine 5 | . 13 13 11 11 11 11 9 6 5 1 . . . 4 5 1 . . . 5 5 1 . . . . . . Core 2 | . . . . . . . . . 2 5 6 6 8 9 11 14 16 16 8 5 5 1 . 1 1 . . . Reactor 3 | . . . . . . . 1 2 . . . . . . . . . . 3 5 5 6 10 10 11 12 12 9 Treads 6 | . 26 . 27 33 22 1 3 . . . . . . . . . . . . . . . . . . . . 3 Wheel 4 | . . 27 4 . 10 22 9 . . . . . . . . . . . . . . . . . . . . 4 Hover 12 | . . . . . . . . . . . . . . 9 33 33 33 33 31 30 30 30 35 31 31 32 32 19 Flight 4 | . . . . . . . . 27 31 27 25 25 25 11 . . . . . . . . . . . . . . Device 8 | . 6 . 10 11 11 1 12 10 3 8 6 6 5 6 10 9 9 9 11 15 15 15 14 11 5 7 7 9 Storage 7 | . 14 14 11 11 11 11 6 7 6 6 6 6 6 5 5 5 5 5 5 5 5 5 5 4 4 4 4 4 Processor 6 | . . . . . . . 1 7 13 6 6 6 6 8 11 11 11 11 10 10 10 10 10 10 10 8 8 12 Hackware 6 | . . . . . . 9 7 6 11 12 12 12 14 12 8 4 2 5 6 5 5 5 5 11 12 12 12 1 Protection 6 | . 2 14 11 11 11 11 7 3 2 3 6 6 4 3 2 6 6 6 4 5 5 4 5 5 4 4 4 5 Energy Gun 5 | . 27 28 21 21 18 . 11 3 . . . . . . . . . . . . . . . . . . . . Energy Cannon 1 | . . . . . . . . . . . . . . . . . . . 3 10 10 1 9 6 3 4 3 1 Impact Weapon 1 | . . . . . . 11 . 3 . . . . . . . . . . . . . . . . . . . . Slashing Weapon 1 | . . . . . . . . . 4 6 6 6 5 4 3 3 1 4 1 . . . . . . . . . Special Melee Weapon 1 | . . . . . 2 7 . 3 4 . . . . . . . . . . . . . . . . . . . Peak Build Rating 224 | 6 11 13 26 24 25 36 95 77 56 67 62 65 71 99 102 102 108 112 128 125 125 158 158 171 182 203 203 224 Average Rating 89 | 5 9 12 20 22 23 32 65 49 52 57 61 61 63 92 97 101 102 107 117 123 123 139 152 156 171 196 198 188 On Entrance 86 | . 6 11 13 21 24 23 34 91 45 55 61 61 61 67 97 101 97 108 107 125 125 123 155 153 158 179 203 198 Avg Prop Armor Cover (%) 6 | . 6 . 9 . 8 9 6 . 2 . . . . . . . . . . . . . 1 . . 1 . 6 Naked Turns . | . . . . . . . . . . . . . . . . . . . . . . . . . . . . . Heaviest Build 132 | 10 33 33 60 61 101 101 127 31 25 37 30 28 32 51 63 73 72 73 80 76 76 93 93 95 101 111 113 132 Greatest Support 150 | 40 40 24 63 69 69 40 150 25 25 30 30 30 33 84 84 84 84 78 93 83 83 103 99 112 103 117 126 130 Greatest Overweight (x) 5 | . 1 2 4 . 4 4 4 1 1 1 . . . 2 . . . . 1 . . 1 1 . . 1 . 5 Average Overweight (x) . | . . 1 . . 1 2 2 . . . . . . . . . . . . . . . . . . . . . Largest Inventory Capacity 25 | 8 15 15 20 20 25 25 25 25 10 10 10 10 10 15 15 15 15 15 15 15 15 15 15 15 15 15 15 15 Average Capacity 16 | 6 12 15 19 20 22 25 25 15 10 10 10 10 10 11 15 15 15 15 15 15 15 15 15 15 15 15 15 15 Most Carried 25 | 8 15 15 20 20 21 25 25 25 10 10 10 10 10 15 15 15 15 15 15 15 15 15 15 15 15 15 15 15 Average Carried 15 | 4 11 13 19 19 20 22 23 11 9 9 10 9 9 11 14 14 14 14 14 15 14 14 14 14 14 14 14 12 Final Capacity 25 | 8 15 15 20 20 25 25 25 10 10 10 10 10 10 15 15 15 15 15 15 15 15 15 15 15 15 15 15 15 Final Carried 25 | 8 14 14 20 20 21 21 25 9 10 10 10 10 10 15 15 15 15 15 15 15 15 15 14 15 15 15 15 5 Scrap Suit Usage (%) 1 | . . . . . . . . . . . . . . . . . . . . . . . . . . . . 3 Class Distribution -------------------- 28% | Mutant 13% | Commander-Mutant 12% | Hacker-Scout 10% | Hacker-Sprinter 8% | Hacker-Mutant 7% | Scavenger-Mutant 5% | Scavenger-Scout 5% | Scout 5% | Scavenger-Scrapper Dominant Class ---------------- Mutant | -10/Materials Mutant | -10/Mines Mutant | -9/Materials Mutant | -9/Storage Mutant | -9/Recycling Commander-Mutant | -9/Scraptown Mutant | -6/Factory Sprinter | -6/Waste Hacker-Sprinter | -6/Factory Hacker-Sprinter | -6/Lower Caves Hacker-Sprinter | -6/Lower Caves Hacker-Sprinter | -6/Zion Hacker-Sprinter | -5/Proximity Caves Hacker-Scout | -5/Factory Scout | -5/Upper Caves Scout | -5/Upper Caves Mutant | -5/Zhirov Scavenger-Scout | -4/Proximity Caves Scout | -4/Factory Scavenger-Scout | -4/Upper Caves Scavenger-Scout | -4/Upper Caves Scavenger-Mutant | -4/Warlord Scavenger-Scout | -3/Proximity Caves Hacker-Mutant | -3/Research Hacker-Scout | -3/Testing Hacker-Mutant | -2/Research Hacker-Scout | -2/Quarantine Scavenger-Scrapper | -2/Protoforge Resources | -11 -10 -10 -9 -9 -9 -9 -6 -6 -6 -6 -6 -6 -5 -5 -5 -5 -5 -4 -4 -4 -4 -4 -3 -3 -3 -2 -2 -2 ----------- Run | Yrd Mat Min Mat Sto Rec Scr Fac Was Fac Low Low Zio Pro Fac Upp Upp Zhi Pro Fac Upp Upp War Pro Res Tes Res Qua Frg Matter Collected 13863 | 260 242 149 357 326 155 86 483 . 650 340 20 40 165 999 821 290 121 131 1110 16 20 1697 160 520 131 276 345 3953 Remotely . | . . . . . . . . . . . . . . . . . . . . . . . . . . . . . Salvage Created 27185 | 29 351 212 1316 1559 51 . 971 . 1579 469 . . 504 2212 761 184 196 203 1806 21 . 2060 191 1125 171 1087 853 9274 Parts 1201 | 7 23 7 76 81 . . 59 . 62 30 . . 18 79 26 5 4 16 75 . . 63 8 54 4 38 50 416 Haulers Intercepted 26 | . . . 2 6 . . 1 . 5 . . . . 4 1 . . . 6 . . . . . . 1 . . Recyclers Shooed 5 | . . . . . . . . . . . . . . 2 . . . . 1 . . . . . . 2 . . Parts Field Recycled . | . . . . . . . . . . . . . . . . . . . . . . . . . . . . . Retrieved Matter . | . . . . . . . . . . . . . . . . . . . . . . . . . . . . . Parts Self-Destructed 92 | . . . . . . . . . . 32 . . 15 . 25 4 1 7 . . . . 8 . . . . . Prevented 8 | . . . . . . . . . . 1 4 . . . . . . 1 . . . . 2 . . . . . Parts Restored 2 | . . . . . . . . . . 2 . . . . . . . . . . . . . . . . . . Broken 2 | . . . . . . . . . . 2 . . . . . . . . . . . . . . . . . . Kills | -11 -10 -10 -9 -9 -9 -9 -6 -6 -6 -6 -6 -6 -5 -5 -5 -5 -5 -4 -4 -4 -4 -4 -3 -3 -3 -2 -2 -2 ------- Run | Yrd Mat Min Mat Sto Rec Scr Fac Was Fac Low Low Zio Pro Fac Upp Upp Zhi Pro Fac Upp Upp War Pro Res Tes Res Qua Frg Combat Hostiles Destroyed 422 | . 11 4 27 22 1 . 19 . 17 4 . . 9 28 25 3 . 6 27 . . 32 3 19 . 8 9 148 Melee 26 | . . . . . . . . . 5 4 . . 2 1 . . . . 7 . . 1 . . . . . 6 Guns 130 | . 11 4 23 14 1 . 8 . . . . . . 3 . . . . . . . . . . . . . 66 Cannons 91 | . . . . . . . . . . . . . . 4 7 3 . 1 9 . . 27 2 1 . 2 6 29 AOE 144 | . . . 2 5 . . 11 . 12 . . . 7 20 18 . . 5 9 . . 1 . 13 . . 1 40 Classes Destroyed 29 | 1 3 1 5 2 . . 6 . . 4 . . . . . 1 . . . . . 3 . . . . . 3 Worker 20 | . . 1 1 1 . . 3 . 4 . . . . 1 . . . . 3 . . . . 4 . 2 . . Builder 11 | . . . 1 1 . . 1 . 1 . . . . 1 . . . . 2 . . . . . . . 3 1 Tunneler 5 | 2 . . 1 . . . . . 1 . . . . . . . . . 1 . . . . . . . . . Hauler 26 | . . . 2 6 . . 1 . 5 . . . . 4 1 . . . 6 . . . . . . 1 . . Recycler 16 | . . . 1 2 . . . . 3 . . . . 7 . . . . 1 . . . . . 1 1 . . Minesweeper 2 | . . . . . . . . . . 1 . . . . . . . . . 1 . . . . . . . . Mechanic 11 | . . . . 2 . . . . 1 . . . . . . . . . 2 . . . . . . . . 6 Operator 8 | . 1 . . . . . 1 . 3 . . . . 2 . . . . . . . . . 1 . . . . Drone 13 | . . . . . . . . . . . . . . . . . . . . . . . . . . . . 13 Watcher 7 | . . . . . . . 1 . . . . . . 1 . . . . . . . . . . 1 . 2 2 Swarmer 75 | . 5 . 3 . . . . . 4 3 . . 2 9 5 . . 5 13 . . 1 . 5 . . . 20 Saboteur 10 | . . . . . . . 1 . . . . . . . . . . . . . . 4 . . . . . 5 Grunt 131 | . 6 4 14 9 . . 11 . 9 . . . 3 16 13 1 . . 6 . . 11 . 7 . 1 4 16 Brawler 22 | . . . 2 . . . . . . . . . 3 1 2 . . . . . . 4 . . . . . 10 Duelist 10 | . . . . 1 . . . . . . . . 1 . 2 . . . . . . . . . . . . 6 Protector 8 | . . . . . . . . . . . . . . . . . . . . . . 4 . . . . . 4 Researcher 1 | . . . . . . . . . . 1 . . . . . . . . . . . . . . . . . . Sentry 34 | . . . 8 12 1 . . . . . . . . 1 2 . . . 1 . . . . 1 . 3 . 5 Demolisher 2 | . . . . . . . . . . . . . . . . . . . . . . 2 . . . . . . Specialist 3 | . . . . . . . 1 . . . . . . . . . . . . . . . . . . . . 2 Hunter 20 | . . . . . . . 2 . 2 . . . 1 . . . . . 2 . . . . 1 . 2 . 10 Programmer 42 | . . . . . . . 3 . 2 . . . 1 1 1 1 . 1 4 . . 2 3 3 . 1 5 14 Heavy 1 | . . . . . . . 1 . . . . . . . . . . . . . . . . . . . . . Behemoth 8 | . . . . . . . . . . 1 . . . . . . . 1 1 . . 2 . 2 . 1 . . Hotshot 6 | . . . . . . . . . . . . . . . . . . . . . . . . . . . . 6 Striker 14 | . . . . . . . . . . . . . . . . . . . . . . 2 . . . . . 12 Executioner 25 | . . . . . . . . . . . . . . . . . . . . . . . . . . . . 25 Ranger 3 | . . . . . . . . . . 3 . . . . . . . . . . . . . . . . . . Scrapoid 2 | . . . . . . . . . . . . . . . . . . . . . . . . . . . . 2 Wasp 1 | . . . . . . . . . . . . . 1 . . . . . . . . . . . . . . . Mutant 1 | . . . . . . . . . . . . . . . . 1 . . . . . . . . . . . . Best Kill Streak 24 | 2 3 3 7 6 1 . 6 . 8 2 . . 4 11 6 2 . 5 8 1 . 7 3 9 1 6 6 24 Combat Bots Only 24 | . 3 2 4 5 1 . 5 . 6 2 . . 4 10 6 2 . 5 7 . . 7 3 6 . 2 4 24 Max Kills in Single Turn 6 | 1 1 1 3 4 1 . 4 . 4 1 . . 5 4 3 1 . 5 6 1 . 1 1 4 1 1 2 5 Gunslinging 1 | . . . . 1 . . . . . . . . . . . . . . . . . . . . . . . . Exploded 5 | . . . 1 4 . . 3 . 4 . . . 4 3 3 . . 5 5 . . 1 . 3 . . 1 5 Melee 1 | . . . . . . . . . 1 1 . . 1 1 . . . . 1 . . 1 . . . . . 1 Uniques/NPCs Destroyed 1 | . . . . . . . . . . . . . . . . . . . . . . 1 . . . . . . LV-01A (-4/Warlord) Combat | -11 -10 -10 -9 -9 -9 -9 -6 -6 -6 -6 -6 -6 -5 -5 -5 -5 -5 -4 -4 -4 -4 -4 -3 -3 -3 -2 -2 -2 -------- Run | Yrd Mat Min Mat Sto Rec Scr Fac Was Fac Low Low Zio Pro Fac Upp Upp Zhi Pro Fac Upp Upp War Pro Res Tes Res Qua Frg Hostile Shots Fired 2248 | . 61 27 86 60 8 . 213 . 96 36 9 . 5 97 47 6 . 5 242 . . 55 76 124 2 134 57 802 Missed 900 | . 9 7 27 19 4 . 68 . 42 9 7 . . 56 24 3 . 1 94 . . 25 30 50 . 63 27 335 Hits 1348 | . 52 20 59 41 4 . 145 . 54 27 2 . 5 41 23 3 . 4 148 . . 30 46 74 2 71 30 467 Melee 24 | . . . 5 2 . . 1 . 1 . . . . . 1 . . . . . . 1 . . . . . 13 Projectile 1324 | . 52 20 54 39 4 . 144 . 53 27 2 . 5 41 22 3 . 4 148 . . 29 46 74 2 71 30 454 AOE 3 | . . . . . . . 1 . . . . . . . . . . . . . . 2 . . . . . . Critical Strikes 50 | . . . 4 . . . 2 . 1 . . . . 1 1 . . 1 10 . . 3 2 4 . 2 1 18 Actively Blocked 23 | . . . . . . . . . . . . . . . . . . . 5 . . 3 2 4 . . 1 8 Part Disruptions 7 | . . . . . . . 1 . . . . . . . . . . 1 . . 1 . 1 . . 2 . 1 Damage Taken 29757 | . 545 285 813 621 55 . 1962 . 1228 414 16 . 140 702 413 59 . 73 3175 . 50 839 1024 1680 47 1655 718 13243 Core 3310 | . 51 105 96 38 2 . 246 . 328 108 6 . 25 69 85 22 . . 274 . . 97 74 228 . 25 50 1381 Absorbed by Shields 339 | . . . . . . . 339 . . . . . . . . . . . . . . . . . . . . . Redirected to Shielding 465 | . . . . . . . . . . . . . . 98 . . . . 103 . . . . . . . . 264 Ignored by Resistances 43 | . . . . . . . . . . . 2 . 8 33 . . . . . . . . . . . . . . Regen/Repaired (Parts) 9011 | . . . 275 151 . . 196 . 214 . . . . 217 . . . . 693 . . 2 . . . 782 797 5684 Core Remaining (%) 63 | 100 . 37 . . . 66 . . . . . . 16 . . . . 82 . . . . 61 . 82 . . . Volleys Fired 1268 | 2 37 18 71 60 5 2 47 . 12 . . . 3 53 57 30 3 3 75 17 3 151 12 49 12 49 68 429 Largest 2 | 2 2 2 2 2 2 1 2 . 1 . . . 1 1 1 1 1 1 2 2 2 2 2 2 1 1 1 2 Hottest 200 | 80 100 80 126 112 112 5 162 . 51 . . . 49 51 90 51 7 51 160 70 70 105 86 154 113 120 120 200 Shots Fired 1783 | 4 71 36 140 120 10 2 80 . 12 . . . 3 53 56 30 3 3 117 33 6 154 24 68 12 49 65 632 Gun 895 | 4 68 36 138 115 10 . 68 . . . . . . 17 . . . . . . . . . . . . . 439 Cannon 777 | . . . . . . . . . 1 . . . . 24 39 30 . 1 115 33 6 147 24 57 12 49 58 181 Launcher 93 | . . . 2 5 . . 12 . 11 . . . 3 12 17 . . 1 1 . . . . 11 . . 7 11 Special 18 | . 3 . . . . 2 . . . . . . . . . . 3 1 1 . . 7 . . . . . 1 Kinetic 729 | . . . . . . . . . 1 . . . . 41 28 30 . 1 42 . . 140 1 . . . . 445 Thermal 861 | 4 71 36 138 115 10 . 36 . . . . . . . 11 . . . 73 33 6 7 23 57 12 11 54 164 Explosive 74 | . . . 2 5 . . 12 . 11 . . . 3 12 17 . . 1 1 . . . . 5 . . . 5 Electromagnetic 104 | . . . . . . . 32 . . . . . . . . . . . . . . . . 6 . 38 11 17 Robot Hit Streak 68 | 3 23 8 31 22 12 14 14 . 4 . . . 4 4 7 6 8 11 17 8 . 20 4 5 6 7 5 68 Robot Miss Streak 5 | . 2 4 5 3 . . 3 . 1 . . . . 2 1 2 . . 3 2 . 3 2 2 3 4 2 5 Penetration Max 2 | . . . . . . . . . . . . . . 2 1 . . . . . . 1 . . . . . 2 Secondary Targets 16 | . 2 1 1 1 . . 2 . . . . . . . . . . . . . . . . . . . . 9 Max Gunslinging Chain 1 | . 1 1 1 1 . . 1 . . . . . . . . . . . . . . . . . . . . 1 Shots Hit Robots 1257 | 3 52 23 102 89 21 2 59 . 56 20 1 . 7 42 29 10 7 7 98 9 . 114 15 20 6 33 21 411 Core Hits 891 | 2 20 12 41 54 3 . 61 . 44 8 . . 24 60 50 3 2 7 50 2 . 46 4 48 2 16 27 305 Critical Kills 71 | . . . . . . . 2 . . . . . . 6 4 3 . 1 3 . . 27 1 . . . . 24 Critical Parts Destroyed 78 | . . . . . . . 4 . . . . . . 7 5 5 . . 1 . . 40 . . . . . 16 Critical Strikes 233 | . . . 9 16 1 . 6 . 8 1 . . . 14 11 8 . 2 12 . . 81 1 . 1 1 . 61 Burn 31 | . . . 9 16 1 . . . . . . . . . . . . . . . . . . . . . . 5 Meltdown 7 | . . . . . . . . . . . . . . . . . . . 1 . . . 1 . . . . 5 Destroy 159 | . . . . . . . 6 . . . . . . 13 11 8 . 1 3 . . 79 . . . . . 38 Blast 10 | . . . . . . . . . . . . . . . . . . . 3 . . . . . . . . 7 Sever 11 | . . . . . . . . . 8 1 . . . 1 . . . . 1 . . . . . . . . . Impale 7 | . . . . . . . . . . . . . . . . . . 1 4 . . . . . 1 1 . . Sunder 8 | . . . . . . . . . . . . . . . . . . . . . . 2 . . . . . 6 Melee Attacks 366 | . . . 2 6 11 . . . 83 30 3 1 5 64 14 1 4 4 72 . . 9 . 7 8 11 9 22 Impact 8 | . . . 2 6 . . . . . . . . . . . . . . . . . . . . . . . . Slashing 247 | . . . . . . . . . 83 30 3 1 5 64 14 1 4 1 41 . . . . . . . . . Piercing 78 | . . . . . . . . . . . . . . . . . . 3 31 . . 3 . 7 7 11 9 7 Entropic 22 | . . . . . . . . . . . . . . . . . . . . . . 6 . . 1 . . 15 Sneak Attacks 81 | . . . . . 11 . . . 16 11 1 . . 11 . . . 4 14 . . 6 . 3 1 2 . 1 Combat Hostiles 4 | . . . . . . . . . 1 1 . . . . . . . 1 . . . . . . . . . 1 Follow-up Attacks . | . . . . . . . . . . . . . . . . . . . . . . . . . . . . . Damage Inflicted 73376 | 35 645 285 2132 2491 201 . 3243 . 5413 1304 96 . 1683 4482 3844 191 337 674 5054 288 . 3118 566 3513 306 1259 1295 30921 Guns 18155 | 35 631 279 1778 1582 174 . 1177 . . . . . . 125 . . . . . . . . . . . . . 12374 Cannons 14961 | . . . . . . . . . . . . . . 198 421 191 . 17 2184 288 . 2140 566 432 118 974 719 6713 Explosions 28816 | . . . 330 847 . . 2066 . 2353 . . . 1449 2971 3259 . . 381 1088 . . . . 2762 . 83 576 10651 Melee 11311 | . . . . . . . . . 3060 1304 96 . 234 1188 164 . 337 276 1782 . . 978 . 319 188 202 . 1183 Ramming 133 | . 14 6 24 62 27 . . . . . . . . . . . . . . . . . . . . . . . Kinetic 17422 | . . . . . . . . . . . . . . 323 421 191 . 17 836 . . 2108 9 . . . . 13517 Thermal 23946 | 35 631 279 1778 1582 174 . 963 . 53 . . . 86 . . . . . 1655 288 . 32 557 549 118 191 727 14248 Explosive 17198 | . . . 330 847 . . 1739 . 2257 . . . 1363 2971 3259 . . 381 781 . . . . 2021 . . . 1249 Electromagnetic 3342 | . . . . . . . 541 . 43 . . . . . . . . . . . . . . 624 . 866 568 700 Impact 24 | . . . . . . . . . . . . . . . . . . . . . . . . . . . . 24 Slashing 7219 | . . . . . . . . . 3060 1304 96 . 234 1188 164 . 337 63 773 . . . . . . . . . Piercing 2002 | . . . . . . . . . . . . . . . . . . 213 1009 . . . . 319 188 202 . 71 Entropic 2090 | . . . . . . . . . . . . . . . . . . . . . . 978 . . . . . 1112 Highest Corruption 23 | . 1 1 . 2 2 4 8 8 8 11 11 11 . 3 1 . . . 4 4 4 14 20 2 2 6 7 23 Average Corruption 6 | . 1 1 . 2 2 4 7 8 4 10 11 11 . 2 1 . . . 2 4 4 3 15 1 1 2 6 15 Corruption Purged 6 | . . . . . . . . . . . . . . 3 1 . . . . . . . . . 2 . . . Corruption Blocked 8 | . . . . . . . . 8 . . . . . . . . . . . . . . . . . . . . Effects 343 | . 2 3 . 21 11 . 12 2 8 17 8 . . 7 5 . . . 13 5 1 10 7 . 1 . 33 177 Message Errors 74 | . . 1 . 3 3 . 5 1 2 4 2 . . 2 . . . . 6 2 . 3 1 . . . 7 32 Matter Fused 77 | . 1 1 . 5 4 . 3 . 1 7 1 . . 1 . . . . 2 1 . 1 2 . 1 . 7 39 Heat Flow Errors 32 | . . 1 . 4 2 . 1 1 1 . 1 . . 1 1 . . . 1 . . 2 . . . . 3 13 Energy Discharges 33 | . . . . 2 . . . . . 1 . . . 1 2 . . . 1 1 . . 2 . . . 6 17 Parts Rejected 13 | . . . . 1 . . 1 . 1 . . . . . 1 . . . 1 . . 1 . . . . 1 6 Parts Fused 4 | . . . . . . . . . . . . . . . . . . . . . . . . . . . 1 3 Data Loss (minor) 43 | . . . . 2 . . . . 3 3 1 . . 2 . . . . 1 . 1 . 1 . . . 4 25 Data Loss (major) 10 | . 1 . . 2 . . 1 . . . 1 . . . . . . . . . . 1 1 . . . . 3 Misfires 3 | . . . . 1 1 . . . . . . . . . . . . . . . . 1 . . . . . . Alerts 6 | . . . . 1 . . . . . 1 1 . . . . . . . . . . 1 . . . . 1 1 Misdirections 16 | . . . . . . . . . . 1 1 . . . . . . . . . . . . . . . . 14 Weapon Failures 32 | . . . . . 1 . 1 . . . . . . . 1 . . . 1 1 . . . . . . 3 24 Overload Shots 2 | . . . . . . . . . . . . . . . . . . . . . . 1 . 1 . . . . Overflow Damage 3489 | . . . 35 . . . 57 . 413 317 56 . 18 140 175 . 138 8 318 33 . 281 . 159 59 39 34 1209 Projectiles 454 | . . . . . . . . . . . . . . . . . . . 33 33 . . . . 18 . 34 336 Explosions 1370 | . . . 35 . . . 57 . 139 . . . 18 48 175 . . . 150 . . . . 112 . . . 636 Melee 1665 | . . . . . . . . . 274 317 56 . . 92 . . 138 8 135 . . 281 . 47 41 39 . 237 Knockbacks 20 | . . . . . . . . . . . . . . 1 4 . . . 6 . . 1 1 . . . . 7 Impact . | . . . . . . . . . . . . . . . . . . . . . . . . . . . . . Kinetic 19 | . . . . . . . . . . . . . . 1 4 . . . 5 . . 1 1 . . . . 7 Secondary 1 | . . . . . . . . . . . . . . . . . . . 1 . . . . . . . . . Self-Inflicted Damage 508 | . . 3 . . 2 . 43 . 57 . . . . . . . . . 158 . . . . 51 . 66 . 128 Shots 13 | . . . . . . . 1 . 1 . . . . . . . . . 2 . . . . 1 . 1 . 7 Rammed 16 | . 5 1 3 5 2 . . . . . . . . . . . . . . . . . . . . . . . Targets Rammed 17 | . 5 1 3 6 2 . . . . . . . . . . . . . . . . . . . . . . . Kicked . | . . . . . . . . . . . . . . . . . . . . . . . . . . . . . Crushed 1 | . . . . 1 . . . . . . . . . . . . . . . . . . . . . . . . Highest Temperature 472 | 18 472 237 258 198 181 . 276 265 83 . 110 . 17 257 181 . . . 171 . 357 230 . 222 395 405 325 229 Average Temperature 66 | 12 92 90 60 43 85 . 75 125 22 . 65 . 10 84 43 . . . 27 . 189 105 . 55 52 73 84 47 Received Heat Transfer 2941 | . 204 153 264 186 18 . 305 . 201 . 6 . 36 144 63 9 . . 332 . . 105 . 198 . 54 54 609 Effects 10 | . 3 . . . . . . . . . . . . 3 . . . . . . 1 . . 3 . . . . Energy Bleed 1 | . 1 . . . . . . . . . . . . . . . . . . . . . . . . . . . Interference 8 | . 2 . . . . . . . . . . . . 3 . . . . . . . . . 3 . . . . Short Circuit 1 | . . . . . . . . . . . . . . . . . . . . . 1 . . . . . . . Siege Activations . | . . . . . . . . . . . . . . . . . . . . . . . . . . . . . Martial Activations . | . . . . . . . . . . . . . . . . . . . . . . . . . . . . . Shielding Activations . | . . . . . . . . . . . . . . . . . . . . . . . . . . . . . Robots Disrupted 1 | . . . . . . . . . . . . . . . . . . . . . . . . 1 . . . . Combat Hostiles 1 | . . . . . . . . . . . . . . . . . . . . . . . . 1 . . . . Robots Corrupted 13 | . . . . . . . . . . . . . . . . . . . . . . . . 3 . 5 2 3 Combat Hostiles 12 | . . . . . . . . . . . . . . . . . . . . . . . . 3 . 5 2 2 Parts Fried 30 | . . . . . . . . . . . . . . . . . . . . . . 1 . 8 . 13 1 7 Impact Corruptions 1 | . . . . . . . . . . . . . . . . . . . . . . . . . . . . 1 Robots Melted 12 | . . . 2 3 . . . . . . . . . . . . . . 1 . . . 1 . . . . 5 Combat Hostiles 12 | . . . 2 3 . . . . . . . . . . . . . . 1 . . . 1 . . . . 5 Parts Melted 64 | . 4 1 11 12 1 . 1 . . . . . . . . . . . 5 . . 1 6 . . . 5 17 Heat Transferred 30791 | 75 1325 625 4403 4514 444 . 1203 . 50 . . . 100 . . . . . 1673 450 . 50 700 685 111 124 544 13715 Parts Sabotaged 5 | . . . . . . . 3 . . . . . . . . . . . . . . 1 . . . . . 1 Parts Stolen . | . . . . . . . . . . . . . . . . . . . . . . . . . . . . . Parts Stripped . | . . . . . . . . . . . . . . . . . . . . . . . . . . . . . Power Chain Reactions 14 | . . . . . . . 2 . 1 . . . 2 . . . . . . . . . . 3 . 1 3 2 Alert | -11 -10 -10 -9 -9 -9 -9 -6 -6 -6 -6 -6 -6 -5 -5 -5 -5 -5 -4 -4 -4 -4 -4 -3 -3 -3 -2 -2 -2 ------- Run | Yrd Mat Min Mat Sto Rec Scr Fac Was Fac Low Low Zio Pro Fac Upp Upp Zhi Pro Fac Upp Upp War Pro Res Tes Res Qua Frg Maximum Alert Level 5 | . . . 1 1 . . 2 1 3 . . . . 2 . . . . 3 . . . . 3 2 1 1 5 Low Security (%) 41 | 100 100 100 58 39 100 . 55 . 10 . . . . 15 . . . . 14 . . . . 54 . 61 86 5 Level 1 21 | . . . 41 60 . . 10 100 10 . . . . 32 . . . . 11 . . . . 8 . 38 13 13 Level 2 17 | . . . . . . . 34 . 43 . . . . 51 . . . . 38 . . . . 27 100 . . 7 Level 3 6 | . . . . . . . . . 35 . . . . . . . . . 34 . . . . 9 . . . 6 Level 4 1 | . . . . . . . . . . . . . . . . . . . . . . . . . . . . 7 Level 5 11 | . . . . . . . . . . . . . . . . . . . . . . . . . . . . 60 High Security . | . . . . . . . . . . . . . . . . . . . . . . . . . . . . . Max Security . | . . . . . . . . . . . . . . . . . . . . . . . . . . . . . Peak Influence 4226 | 5 182 63 381 345 186 . 699 240 1094 . . . . 655 . . . . 871 . . . . 738 468 264 261 4226 Initial 414 | . . 63 . 142 120 . . 240 147 . . . . 38 . . . . 18 . . . . 33 414 234 48 26 Average 662 | . 41 16 176 210 89 . 253 228 661 . . . . 408 . . . . 546 . . . . 241 434 166 105 2300 Influence Increases 17728 | 10 359 114 816 916 172 . 1199 . 1357 105 15 . 329 1626 549 76 10 170 1513 5 . 685 110 1068 163 483 691 5187 Destroy 0b10 Robot/C 8380 | . 220 80 540 500 20 . 620 . 340 80 . . 220 580 500 60 . 120 540 . . 560 60 380 . 160 180 2620 Destroy 0b10 Robot/NC 675 | 10 5 5 30 65 . . 50 . 90 5 . . 5 85 5 . 10 . 75 5 . 20 . 25 10 20 25 130 Destroy Leader 1492 | . 40 20 164 172 . . 134 . 68 20 . . 20 80 30 10 . 20 102 . . . 20 80 2 62 34 414 Allied During Kill 277 | . . . . 28 8 . 111 . . . . . 84 18 14 6 . . 2 . . . . . . . . 6 Trap Triggered on 0b10 50 | . . . . . . . . . 10 . . . . . . . . . . . . . . . . . 40 . Successful Hack 578 | . 31 9 46 34 24 . 1 . 83 . . . . . . . . . 117 . . . . 51 48 25 97 12 Select Force Hacks 150 | . 30 . . . 120 . . . . . . . . . . . . . . . . . . . . . . . Disable Machine 1200 | . . . 15 75 . . 150 . 180 . . . . 135 . . . . 150 . . . . 15 60 . 60 360 Anti-Garrison Action 150 | . . . . . . . . . . . . . . . . . . . . . . . . . . . . 150 Destroy Structure 2211 | . 3 . 21 42 . . 118 . 136 . . . . 428 . . . . 242 . . . . 262 28 66 135 730 Partial Spotted 255 | . . . . . . . . . 60 . . . . . . . . . 45 . . . . 30 15 15 15 75 Lose Combat Pursuer 2310 | . 30 . . . . . 15 . 390 . 15 . . 300 . . . 30 240 . . 105 30 225 . 135 105 690 Influence Decreases 13502 | 10 196 275 480 945 481 . 512 477 473 746 137 331 267 1090 650 315 268 140 684 439 192 487 491 380 484 813 731 1008 Entered New Map 4081 | . . 100 2 196 189 . . 447 63 406 87 331 . 24 222 95 258 . 12 319 82 233 431 17 324 183 39 21 Time Decay 7040 | 10 176 167 468 589 292 . 342 30 380 270 50 . 225 536 398 150 10 140 522 120 110 254 50 297 160 226 371 697 Search Patrol Dispatched 100 | . . . . . . . . . . . . . . . . . . . . . . . . . . . 100 . Lost Part 719 | . 20 8 10 10 . . 80 . 30 70 . . . 20 10 10 . . 120 . . . 10 51 . . . 270 Lost Ally 322 | . . . . . . . 90 . . . . . 42 60 20 60 . . 30 . . . . . . . . 20 Purge Threat 1240 | . . . . 150 . . . . . . . . . 450 . . . . . . . . . 15 . 404 221 . Squads Dispatched 104 | . 5 . 4 2 . . 10 . 21 . . . . 13 . . . . 21 . . . . 9 5 2 6 6 Investigation 54 | . 3 . 3 . . . 3 . 12 . . . . 8 . . . . 15 . . . . 5 . . 2 3 Extermination 21 | . . . . . . . 2 . 3 . . . . 4 . . . . 3 . . . . 2 1 2 3 1 Reinforcement 24 | . 2 . 1 . . . 5 . 6 . . . . 1 . . . . 2 . . . . 1 3 . 1 2 Assault 5 | . . . . 2 . . . . . . . . . . . . . . 1 . . . . 1 1 . . . Garrison . | . . . . . . . . . . . . . . . . . . . . . . . . . . . . . Intercept . | . . . . . . . . . . . . . . . . . . . . . . . . . . . . . Searches Triggered 1 | . . . . . . . . . . . . . . . . . . . . . . . . . . . 1 . Unchained Authorized 1 | . . . . . . . . . . . . . . . . . . . 1 . . . . . . . . . Construction Impeded 6 | . . . . . . . 3 . . . . . . 1 . . . . . . . . . 1 . . 1 . Haulers Reinforced 4 | . . . . . . . . . 2 . . . . . . . . . 2 . . . . . . . . . Active Scanning Responses . | . . . . . . . . . . . . . . . . . . . . . . . . . . . . . Cargo Convoy Interrupts 2 | . . . . . . . 1 . 1 . . . . . . . . . . . . . . . . . . . Stealth | -11 -10 -10 -9 -9 -9 -9 -6 -6 -6 -6 -6 -6 -5 -5 -5 -5 -5 -4 -4 -4 -4 -4 -3 -3 -3 -2 -2 -2 --------- Run | Yrd Mat Min Mat Sto Rec Scr Fac Was Fac Low Low Zio Pro Fac Upp Upp Zhi Pro Fac Upp Upp War Pro Res Tes Res Qua Frg Distress Signals 35 | . 2 . 3 3 . . . . . . . . . 5 . . . . 3 . . 1 . 1 1 3 2 11 Communications Jammed . | . . . . . . . . . . . . . . . . . . . . . . . . . . . . . Distress Signals . | . . . . . . . . . . . . . . . . . . . . . . . . . . . . . Times Spotted 897 | . 16 4 33 34 1 . 44 5 47 6 1 . 12 52 23 6 . 4 62 . . 105 5 42 4 35 23 333 Peak Tracking Total 21 | . 4 2 4 10 1 . 12 5 9 2 1 . 7 11 9 3 . 2 9 . . 16 3 17 2 10 5 21 Tactical Retreats 80 | . 1 . . . . . 1 . 12 . 1 . . 10 . . . 1 8 . . 5 1 5 . 5 4 26 Traps | -11 -10 -10 -9 -9 -9 -9 -6 -6 -6 -6 -6 -6 -5 -5 -5 -5 -5 -4 -4 -4 -4 -4 -3 -3 -3 -2 -2 -2 ------- Run | Yrd Mat Min Mat Sto Rec Scr Fac Was Fac Low Low Zio Pro Fac Upp Upp Zhi Pro Fac Upp Upp War Pro Res Tes Res Qua Frg Traps Triggered 28 | . 4 . 2 1 . . 3 . 4 . . . . 3 . . . . 3 . 1 . . 1 . 1 1 4 Indirectly . | . . . . . . . . . . . . . . . . . . . . . . . . . . . . . Trap Hack Attempts 18 | . . . . . . . . . 18 . . . . . . . . . . . . . . . . . . . Triggered . | . . . . . . . . . . . . . . . . . . . . . . . . . . . . . Disarmed . | . . . . . . . . . . . . . . . . . . . . . . . . . . . . . Reprogrammed 14 | . . . . . . . . . 4 . . . . 6 . . . . . . . . . . . . 4 . Reused 7 | . . . . . . . . . 1 . 2 . . . . . . . . . . . . . . . 4 . Traps Extracted . | . . . . . . . . . . . . . . . . . . . . . . . . . . . . . Installed 2 | . . . . . . . . . . . 2 . . . . . . . . . . . . . . . . . Triggered 7 | . . . . . . . . . 1 . 2 . . . . . . . . . . . . . . . 4 . Most Traps Carried 6 | . . . . . . . . . . 6 4 2 2 2 . . . . . . . . . . . . . . Machines | -11 -10 -10 -9 -9 -9 -9 -6 -6 -6 -6 -6 -6 -5 -5 -5 -5 -5 -4 -4 -4 -4 -4 -3 -3 -3 -2 -2 -2 ---------- Run | Yrd Mat Min Mat Sto Rec Scr Fac Was Fac Low Low Zio Pro Fac Upp Upp Zhi Pro Fac Upp Upp War Pro Res Tes Res Qua Frg Machines Disabled 89 | . . . 2 5 . . 10 . 12 . . . 1 9 . 1 . . 10 . . 1 . 1 4 . 4 29 Max in Single Turn 6 | . . . 1 1 . . 4 . 5 . . . 1 6 . 1 . . 4 . . 1 . 1 1 . 1 3 Garrison Access 9 | . . . . 1 . . . . 1 . . . . 1 . . . . 2 . . . . 1 1 . 1 1 Machines Repaired . | . . . . . . . . . . . . . . . . . . . . . . . . . . . . . Machines Dismantled . | . . . . . . . . . . . . . . . . . . . . . . . . . . . . . Machines Sabotaged . | . . . . . . . . . . . . . . . . . . . . . . . . . . . . . Overloaded Fab Kills . | . . . . . . . . . . . . . . . . . . . . . . . . . . . . . Hacking | -11 -10 -10 -9 -9 -9 -9 -6 -6 -6 -6 -6 -6 -5 -5 -5 -5 -5 -4 -4 -4 -4 -4 -3 -3 -3 -2 -2 -2 --------- Run | Yrd Mat Min Mat Sto Rec Scr Fac Was Fac Low Low Zio Pro Fac Upp Upp Zhi Pro Fac Upp Upp War Pro Res Tes Res Qua Frg Machines Accessed 175 | . 7 3 10 16 11 . 7 . 22 . . . . 21 1 1 4 . 27 . . 4 . 8 5 5 11 12 Terminals 74 | . 6 2 7 11 6 . . . 8 . . . . 7 . 1 . . 7 . . . . 1 3 4 7 4 Fabricators 16 | . . . . . . . 2 . 1 . . . . 2 . . . . 3 . . . . 3 1 . . 4 Repair Stations 17 | . . . 2 2 . . 1 . 2 . . . . 2 . . . . 5 . . . . . . 1 1 1 Recycling Units 35 | . 1 . . 2 5 . 3 . 7 . . . . 6 . . . . 8 . . . . 2 . . . 1 Scanalyzers 14 | . . . 1 . . . 1 . 3 . . . . 2 . . . . 2 . . . . 1 . . 2 2 Garrison Access 9 | . . . . 1 . . . . 1 . . . . 2 . . . . 2 . . . . 1 1 . 1 . Total Hacks 484 | . 15 7 46 41 31 . 16 . 56 . . . . 60 1 1 17 . 68 . . 7 . 29 15 17 39 18 Successful 290 | . 6 5 31 27 19 . 11 . 23 . . . . 36 1 1 17 . 40 . . 7 . 24 7 7 21 7 Failed 191 | . 8 1 15 14 12 . 5 . 33 . . . . 24 . . . . 28 . . . . 4 8 10 18 11 Catastrophic 32 | . 1 . 4 2 . . . . 9 . . . . 5 . . . . 1 . . . . . 1 1 2 6 Database Lockouts 3 | . 1 1 . . . . . . . . . . . . . . . . . . . . . 1 . . . . Manual 180 | . 8 4 16 20 21 . 5 . 23 . . . . 27 . . . . 24 . . . . 8 1 3 13 7 Terminals 220 | . 13 6 21 32 17 . . . 18 . . . . 29 . 1 . . 17 . . . . 7 11 14 28 6 Fabricators 42 | . . . . . . . 6 . 2 . . . . 7 . . . . 9 . . . . 10 2 . . 6 Repair Stations 49 | . . . 9 4 . . 4 . 6 . . . . 4 . . . . 15 . . . . . . 3 3 1 Recycling Units 79 | . 2 . . 4 14 . 5 . 16 . . . . 13 . . . . 19 . . . . 4 . . . 2 Scanalyzers 58 | . . . 16 . . . 1 . 13 . . . . 5 . . . . 6 . . . . 7 . . 7 3 Garrison Access 10 | . . . . 1 . . . . 1 . . . . 2 . . . . 2 . . . . 1 2 . 1 . Terminal Hacks 103 | . 5 4 7 11 2 . . . 3 . . . . 10 1 1 17 . 5 . . 7 . 5 3 6 14 2 Record 12 | . . . . . . . . . . . . . . . . 1 5 . . . . 6 . . . . . . Part Schematic 7 | . . . . 2 . . . . . . . . . 1 . . 4 . . . . . . . . . . . Robot Analysis 9 | . 2 1 1 . . . . . . . . . . . . . 4 . . . . . . . . . 1 . Prototype ID Bank 10 | . 1 . 2 1 1 . . . . . . . . 1 . . 4 . . . . . . . . . . . Open Door 7 | . . 1 . 3 . . . . . . . . . . 1 . . . . . . 1 . . . 1 . . Branch Access Points 5 | . . . 1 . . . . . 1 . . . . 1 . . . . 1 . . . . . . 1 . . Terminal Index 1 | . . . . . 1 . . . . . . . . . . . . . . . . . . . . . . . Repair Station Index 1 | . . . . . . . . . . . . . . . . . . . 1 . . . . . . . . . Scanalyzer Index 1 | . . . 1 . . . . . . . . . . . . . . . . . . . . . . . . . Alert Level 1 | . 1 . . . . . . . . . . . . . . . . . . . . . . . . . . . Unreport Threat 11 | . . . . 1 . . . . . . . . . 3 . . . . . . . . . 1 . 4 2 . Locate Traps 14 | . 1 . 1 3 . . . . 1 . . . . 2 . . . . . . . . . 1 1 . 3 1 Reprogram Traps 2 | . . . . . . . . . . . . . . 1 . . . . . . . . . . . . 1 . Dispatch Records 1 | . . 1 . . . . . . . . . . . . . . . . . . . . . . . . . . Recall Investigation 2 | . . . . . . . . . . . . . . . . . . . . . . . . . . . 2 . Recall Extermination 1 | . . . . . . . . . . . . . . 1 . . . . . . . . . . . . . . Hauler Manifests 3 | . . . . 1 . . . . . . . . . . . . . . 1 . . . . 1 . . . . Registered Components 3 | . . . . . . . . . . . . . . . . . . . 1 . . . . 1 . . 1 . Registered Prototypes 1 | . . . . . . . . . . . . . . . . . . . . . . . . 1 . . . . Zone Layout 11 | . . 1 1 . . . . . 1 . . . . . . . . . 1 . . . . . 2 . 4 1 Fabricator Hacks 18 | . . . . . . . 3 . 1 . . . . 4 . . . . 3 . . . . 5 2 . . . Network Status 5 | . . . . . . . 1 . 1 . . . . . . . . . 1 . . . . 1 1 . . . Load Schematic 6 | . . . . . . . 1 . . . . . . 2 . . . . 1 . . . . 2 . . . . Build 7 | . . . . . . . 1 . . . . . . 2 . . . . 1 . . . . 2 1 . . . Repair Station Hacks 31 | . . . 8 3 . . 4 . 2 . . . . 2 . . . . 9 . . . . . . 1 2 . Scan Component 17 | . . . 4 2 . . 2 . 1 . . . . 1 . . . . 5 . . . . . . 1 1 . Repair 14 | . . . 4 1 . . 2 . 1 . . . . 1 . . . . 4 . . . . . . . 1 . Recycling Unit Hacks 13 | . . . . . 4 . . . 2 . . . . 5 . . . . 2 . . . . . . . . . Retrieve Matter 1 | . . . . . . . . . 1 . . . . . . . . . . . . . . . . . . . Retrieve Components 12 | . . . . . 4 . . . 1 . . . . 5 . . . . 2 . . . . . . . . . Scanalyzer 39 | . . . 14 . . . 1 . 7 . . . . 4 . . . . 6 . . . . 6 . . . 1 Insert Component 14 | . . . 4 . . . . . 4 . . . . . . . . . 3 . . . . 3 . . . . Analyze 7 | . . . 3 . . . . . 2 . . . . . . . . . 1 . . . . 1 . . . . Retrieve Study 18 | . . . 7 . . . 1 . 1 . . . . 4 . . . . 2 . . . . 2 . . . 1 Garrison Access Hacks 8 | . . . . 1 . . . . 1 . . . . 1 . . . . 2 . . . . 1 1 . 1 . Seal Access 8 | . . . . 1 . . . . 1 . . . . 1 . . . . 2 . . . . 1 1 . 1 . Unauthorized Hacks 78 | . 1 1 2 12 13 . 3 . 7 . . . . 10 . . . . 13 . . . . 7 1 . 4 4 Terminals 32 | . . 1 2 9 8 . . . . . . . . 3 . . . . 2 . . . . 1 1 . 3 2 Track 4 | . . 1 . 1 1 . . . . . . . . 1 . . . . . . . . . . . . . . Assimilate 2 | . . . . . . . . . . . . . . . . . . . 1 . . . . . . . 1 . Botnet 11 | . . . 1 2 2 . . . . . . . . 1 . . . . 1 . . . . 1 1 . 1 1 Operators 4 | . . . . 1 . . . . . . . . . 1 . . . . . . . . . . . . 1 1 Skim 10 | . . . . 5 5 . . . . . . . . . . . . . . . . . . . . . . . Search 1 | . . . 1 . . . . . . . . . . . . . . . . . . . . . . . . . Fabricators 5 | . . . . . . . . . . . . . . . . . . . 1 . . . . 4 . . . . Prioritize 1 | . . . . . . . . . . . . . . . . . . . . . . . . 1 . . . . Liberate 2 | . . . . . . . . . . . . . . . . . . . 1 . . . . 1 . . . . Haulers 1 | . . . . . . . . . . . . . . . . . . . . . . . . 1 . . . . Recompile 1 | . . . . . . . . . . . . . . . . . . . . . . . . 1 . . . . Repair Stations 6 | . . . . . . . . . 1 . . . . 1 . . . . 3 . . . . . . . . 1 Patch 6 | . . . . . . . . . 1 . . . . 1 . . . . 3 . . . . . . . . 1 Recycling Units 34 | . 1 . . 3 5 . 3 . 6 . . . . 6 . . . . 7 . . . . 2 . . . 1 Reject 2 | . . . . 2 . . . . . . . . . . . . . . . . . . . . . . . . Mask 2 | . . . . 1 1 . . . . . . . . . . . . . . . . . . . . . . . Tunnel 5 | . 1 . . . 4 . . . . . . . . . . . . . . . . . . . . . . . Fedlink 25 | . . . . . . . 3 . 6 . . . . 6 . . . . 7 . . . . 2 . . . 1 Scanalyzers 1 | . . . . . . . . . . . . . . . . . . . . . . . . . . . 1 . Researchers 1 | . . . . . . . . . . . . . . . . . . . . . . . . . . . 1 . Garrison Access . | . . . . . . . . . . . . . . . . . . . . . . . . . . . . . Data Cores Recovered 2 | . . . . . . . . . . . . . . 2 . . . . . . . . . . . . . . Used . | . . . . . . . . . . . . . . . . . . . . . . . . . . . . . Hacking Detections 131 | . 7 1 10 12 11 . 5 . 18 . . . . 14 . . . . 20 . . . . 4 5 4 10 10 Full Trace Events 15 | . 2 . 1 . . . . . 4 . . . . 1 . . . . 4 . . . . 1 . . 2 . Feedback Events 1 | . 1 . . . . . . . . . . . . . . . . . . . . . . . . . . . Corruption 1 | . 1 . . . . . . . . . . . . . . . . . . . . . . . . . . . Feedback Blocked . | . . . . . . . . . . . . . . . . . . . . . . . . . . . . . Robot Schematics Acquired 3 | . . . . . . . . . . . . 3 . . . . . . . . . . . . . . . . Robots Built 2 | . . . . . . . . . . . . . . 2 . . . . . . . . . . . . . . Authchips 1 | . . . . . . . . . . . . . . 1 . . . . . . . . . . . . . . Time 102 | . . . . . . . . . . . . . . 102 . . . . . . . . . . . . . . Total Robot Build Rating 16 | . . . . . . . . . . . . . . 16 . . . . . . . . . . . . . . Part Schematics Acquired 28 | . . . 3 2 . . . . 2 . . 14 . 1 . . 4 . 1 . . . . 1 . . . . Parts Built 7 | . . . . . . . 1 . . . . . . 1 . . . . 1 . . . . 3 1 . . . Authchips 3 | . . . . . . . 1 . . . . . . 1 . . . . . . . . . 1 . . . . Time 375 | . . . . . . . 33 . . . . . . 53 . . . . 53 . . . . 162 74 . . . Total Part Build Rating 48 | . . . . . . . 2 . . . . . . 6 . . . . 6 . . . . 25 9 . . . Part Studies Acquired 17 | . . . 6 . . . 1 . 1 . . . . 4 . . . . 2 . . . . 2 . . . 1 Parts Repaired 14 | . . . 4 1 . . 2 . 1 . . . . 1 . . . . 4 . . . . . . . 1 . Time 590 | . . . 135 32 . . 94 . 47 . . . . 56 . . . . 190 . . . . . . . 36 . Parts Recycled . | . . . . . . . . . . . . . . . . . . . . . . . . . . . . . Recycled Matter . | . . . . . . . . . . . . . . . . . . . . . . . . . . . . . Retrieved Matter . | . . . . . . . . . . . . . . . . . . . . . . . . . . . . . Retrieved Components 31 | . . . . . 13 . . . 1 . . . . 5 . . . . 12 . . . . . . . . . Parts Scanalyzed 8 | . . . 3 . . . . . 3 . . . . . . . . . 1 . . . . 1 . . . . Part Schematics Acquired 7 | . . . 3 . . . . . 2 . . . . . . . . . 1 . . . . 1 . . . . Parts Damaged 4 | . . . . . . . . . 3 . . . . . . . . . . . . . . 1 . . . . Bothacking | -11 -10 -10 -9 -9 -9 -9 -6 -6 -6 -6 -6 -6 -5 -5 -5 -5 -5 -4 -4 -4 -4 -4 -3 -3 -3 -2 -2 -2 ------------ Run | Yrd Mat Min Mat Sto Rec Scr Fac Was Fac Low Low Zio Pro Fac Upp Upp Zhi Pro Fac Upp Upp War Pro Res Tes Res Qua Frg Used RIF Installer . | . . . . . . . . . . . . . . . . . . . . . . . . . . . . . Robots Hacked 13 | . . . . . . 2 . . . . . . . . . . 3 1 . . . 6 . . . . . 1 Non-combat 1 | . . . . . . 1 . . . . . . . . . . . . . . . . . . . . . . Combat 10 | . . . . . . 1 . . . . . . . . . . 3 . . . . 6 . . . . . . Robot Hacks Applied 11 | . . . . . . 2 . . . . . . . . . . 3 . . . . 6 . . . . . . parse_system 11 | . . . . . . 2 . . . . . . . . . . 3 . . . . 6 . . . . . . Manual 2 | . . . . . . . . . . . . . . . . . . 1 . . . . . . . . . 1 Relay Couplers Released 1 | . . . . . . . . . . . . . . . . . . . . . . . . . . . . 1 Machine Destruction 1 | . . . . . . . . . . . . . . . . . . . . . . . . . . . . 1 Fabnet Peak Effective % . | . . . . . . . . . . . . . . . . . . . . . . . . . . . . . Robots Rewired 15 | . . . . . 5 . . . . . . . 3 . 2 4 . . 1 . . . . . . . . . Allies Hacked 7 | . . . . . . . 1 . . . . . 1 . 2 3 . . . . . . . . . . . . Hacks Repelled 1 | . . . . . . . . . . . . . . . . 1 . . . . . . . . . . . . Allies | -11 -10 -10 -9 -9 -9 -9 -6 -6 -6 -6 -6 -6 -5 -5 -5 -5 -5 -4 -4 -4 -4 -4 -3 -3 -3 -2 -2 -2 -------- Run | Yrd Mat Min Mat Sto Rec Scr Fac Was Fac Low Low Zio Pro Fac Upp Upp Zhi Pro Fac Upp Upp War Pro Res Tes Res Qua Frg Total Allies 29 | . . . . 2 5 1 . 1 . . . 5 3 2 2 4 . 1 2 . . . . . . . . 1 Largest Group 8 | . . . . 2 7 8 8 1 . . . 5 7 2 2 4 . 1 1 . . . . . . . . 1 Highest-Rated Group 278 | . . . . 62 188 278 278 31 . . . 135 230 100 60 116 . 116 45 . . . . . . . . 148 Highest-Rated Ally 148 | . . . . 31 34 90 90 31 . . . 31 49 50 30 29 . 116 45 . . . . . . . . 148 Total Orders 9 | . . . . . . 3 4 . . . . . . . 2 . . . . . . . . . . . . . STAY 2 | . . . . . . 1 . . . . . . . . 1 . . . . . . . . . . . . . ROAM 1 | . . . . . . . 1 . . . . . . . . . . . . . . . . . . . . . FOLLOW 3 | . . . . . . 2 . . . . . . . . 1 . . . . . . . . . . . . . GUARD 2 | . . . . . . . 2 . . . . . . . . . . . . . . . . . . . . . AID 1 | . . . . . . . 1 . . . . . . . . . . . . . . . . . . . . . Ally Attacks 156 | . . . . 11 1 . 59 8 . . . . 28 11 7 19 . . 2 . . . . . . . . 10 Total Damage 4130 | . . . . 183 19 . 2178 146 . . . . 464 370 149 344 . . 35 . . . . . . . . 242 Kills 26 | . . . . 4 . . 17 . . . . . 2 2 . 1 . . . . . . . . . . . . Allies Corrupted 4 | . . . . . . . 1 . . . . . . . 1 2 . . . . . . . . . . . . Allies Melted 2 | . . . . . . . . . . . . . . . . . . . . . . 1 . . . . . 1 Intel | -11 -10 -10 -9 -9 -9 -9 -6 -6 -6 -6 -6 -6 -5 -5 -5 -5 -5 -4 -4 -4 -4 -4 -3 -3 -3 -2 -2 -2 ------- Run | Yrd Mat Min Mat Sto Rec Scr Fac Was Fac Low Low Zio Pro Fac Upp Upp Zhi Pro Fac Upp Upp War Pro Res Tes Res Qua Frg Active Infowar (turns) 14133 | . . . . . . . . . 270 504 99 344 812 1447 944 308 131 295 1509 257 232 1128 189 667 326 490 950 3231 Optics 11612 | . . . . . . . . . . . . . . 955 944 308 131 295 1509 257 232 1128 189 667 326 490 950 3231 Sensors 8239 | . . . . . . . . . 270 504 99 344 812 1424 708 253 107 246 867 254 231 361 124 203 209 228 784 211 A.S.S. 320 | . . . . . . . . . . . . . . . . . . . . . . . . . . . . 320 Machine Analysis 61 | . . . . . . . . . . . . . . . . . . . . . . . . . . . . 61 Cloaking 102 | . . . . . . . . . . . . . . . . . . . . . . . . . . . 6 96 Jamming 111 | . . . . . . . . . . . . . . . . . . . . . . . . 111 . . . . ECM 1 | . . . . . . . . . . . . . . . . . . . . . . . . . . . . 1 Robot Analysis Total 9 | . 2 1 1 . . . . . . . . . . . . . 4 . . . . . . . . . 1 . Derelict Logs Recovered 9 | . . 1 . . . . . . . 2 . . 2 . 1 . . 1 . . 2 . . . . . . . Drone Launches . | . . . . . . . . . . . . . . . . . . . . . . . . . . . . . Drone Recoveries . | . . . . . . . . . . . . . . . . . . . . . . . . . . . . . Exploration | -11 -10 -10 -9 -9 -9 -9 -6 -6 -6 -6 -6 -6 -5 -5 -5 -5 -5 -4 -4 -4 -4 -4 -3 -3 -3 -2 -2 -2 ------------- Run | Yrd Mat Min Mat Sto Rec Scr Fac Was Fac Low Low Zio Pro Fac Upp Upp Zhi Pro Fac Upp Upp War Pro Res Tes Res Qua Frg Turns Passed 24895 | 130 885 583 1832 1857 678 2733 1056 62 896 590 114 344 909 1568 944 308 131 295 1509 257 232 1128 189 667 326 490 950 3232 Spaces Moved 24985 | 69 406 485 863 919 399 2104 513 97 2056 990 257 791 972 2399 1003 236 165 475 1897 287 443 1188 305 861 369 722 986 2728 Core 3 | 3 . . . . . . . . . . . . . . . . . . . . . . . . . . . . Treads 2338 | 66 406 . 612 919 209 . 126 . . . . . . . . . . . . . . . . . . . . . Legs . | . . . . . . . . . . . . . . . . . . . . . . . . . . . . . Wheels 4384 | . . 485 251 . 190 2104 387 . . . . . . . . . . . . . . . . . . . . 967 Hover 11291 | . . . . . . . . . . . . . . 593 1003 236 165 475 1897 287 443 1188 305 861 369 722 986 1761 Flight 6969 | . . . . . . . . 97 2056 990 257 791 972 1806 . . . . . . . . . . . . . . Fastest Speed 25 | 50 160 100 105 160 140 120 120 28 26 25 28 28 28 33 65 65 53 53 40 44 44 36 42 32 45 38 38 38 Average Speed 65 | 155 166 103 146 160 150 121 137 30 27 33 28 28 30 42 65 65 58 53 46 44 44 46 44 45 45 42 40 61 Slowest Speed 240 | 160 240 120 160 160 160 140 160 98 99 105 28 28 33 200 65 65 65 53 116 44 44 102 119 48 45 130 44 143 Overloaded Moves 99 | . . . . . . . . . . . . . . . . . . . . . . 25 . 30 . . 11 33 Propulsion Burnouts . | . . . . . . . . . . . . . . . . . . . . . . . . . . . . . Robots Hopped 25 | . . . . . . . . 2 13 1 . . . 9 . . . . . . . . . . . . . . Potential Cave-ins 9 | . . . . . . . . . . . . . . . . . . . 2 . . . . . . . . 7 Cave-ins Triggered . | . . . . . . . . . . . . . . . . . . . . . . . . . . . . . Exploration Rate (%) 65 | 6 77 97 79 96 86 83 23 78 55 97 48 85 96 49 81 38 61 79 57 65 63 95 53 20 43 25 91 63 Regions Visited 28 Branch Regions 19 Pre-discovered Areas 17 | . 1 1 . 3 5 . 1 . . 1 . 1 . . . . 3 . . . 1 . . . . . . . Known Exits Taken 20 | . . . 1 . 1 . . . 1 1 1 1 1 1 1 1 1 1 1 1 . 1 1 1 1 1 1 . Unknown Exits Taken 6 | 1 1 1 . 1 . 1 . . . . . . . . . . . . . . 1 . . . . . . . Scrap Searched 37 | . . 1 . . . 10 . . . 3 1 3 5 . 2 1 . 4 . 1 3 . 3 . . . . . Spaces Dug 481 | . 3 . 2 . . . 13 . 21 1 2 . . 92 11 . . . 40 12 4 3 . 86 6 8 37 140 Terrain Destroyed 1856 | . 3 . 19 47 . . 122 . 183 1 2 . 71 276 219 . . 23 145 24 6 8 6 213 10 23 52 403 Melee 104 | . . . 2 . . . . . 20 1 2 . . 40 4 . . . 19 . . . . . 2 3 5 6 Projectile 326 | . 3 . . . . . . . 1 . . . . 9 11 . . . 45 24 6 8 6 31 8 9 38 127 AOE 1426 | . . . 17 47 . . 122 . 162 . . . 71 227 204 . . 23 81 . . . . 182 . 11 9 270 Terrain Rammed . | . . . . . . . . . . . . . . . . . . . . . . . . . . . . . Walls Destroyed . | . . . . . . . . . . . . . . . . . . . . . . . . . . . . . Machines Disabled . | . . . . . . . . . . . . . . . . . . . . . . . . . . . . . Actions | -11 -10 -10 -9 -9 -9 -9 -6 -6 -6 -6 -6 -6 -5 -5 -5 -5 -5 -4 -4 -4 -4 -4 -3 -3 -3 -2 -2 -2 --------- Run | Yrd Mat Min Mat Sto Rec Scr Fac Was Fac Low Low Zio Pro Fac Upp Upp Zhi Pro Fac Upp Upp War Pro Res Tes Res Qua Frg Total 31254 | 85 535 531 1298 1174 457 2289 777 136 2222 1203 292 912 1570 2814 1226 358 194 506 2313 382 474 1608 334 1055 501 840 1448 3720 Wait 3042 | 1 46 16 264 122 19 121 133 1 4 138 25 115 572 190 63 13 . 8 171 75 24 182 9 79 77 14 338 222 Move 24910 | 68 405 484 862 918 398 2103 513 93 2029 987 256 790 971 2381 1002 235 164 474 1896 286 442 1187 304 860 368 721 985 2728 Hop 23 | . . . . . . . . 1 13 1 . . . 8 . . . . . . . . . . . . . . Pick Up 262 | 8 12 4 28 8 1 23 14 4 8 11 . 2 2 21 11 1 3 2 19 1 2 11 2 12 3 10 6 33 Fast Attach 240 | 6 13 . 3 9 . 4 20 . 15 9 2 1 2 22 9 1 6 2 17 . . 18 . 7 9 4 5 56 Attach 132 | . 1 3 8 2 . . 8 8 2 7 . . 2 9 10 2 1 2 11 . . 3 1 9 . 3 2 38 Detach 121 | . 3 . 4 1 . 4 7 5 7 5 . . 1 7 12 . 3 . 6 . . 3 . 3 1 1 1 47 Swap 285 | . 3 3 22 22 7 2 9 5 15 1 2 . 5 19 10 2 3 6 26 2 1 16 4 18 10 15 23 34 Drop 372 | . 10 2 31 20 . 30 10 19 16 13 2 3 2 29 17 2 7 5 16 1 2 28 2 11 13 12 11 58 Fire 1268 | 2 37 18 71 60 5 2 47 . 12 . . . 3 53 57 30 3 3 75 17 3 151 12 49 12 49 68 429 Melee 366 | . . . 2 6 11 . . . 83 30 3 1 5 64 14 1 4 4 72 . . 9 . 7 8 11 9 22 Ram 2 | . . 1 . . 1 . . . . . . . . . . . . . . . . . . . . . . . Kick . | . . . . . . . . . . . . . . . . . . . . . . . . . . . . . Crush 15 | . 5 . 3 6 1 . . . . . . . . . . . . . . . . . . . . . . . Escape Stasis 47 | . . . . . . . 16 . . . . . . 11 . . . . 4 . . . . . . . . 16 Rewire 111 | . . . . . 14 . . . . . . . 5 . 21 71 . . . . . . . . . . . . Trap 20 | . . . . . . . . . 18 . 2 . . . . . . . . . . . . . . . . . Miscellaneous 38 | . . . . . . . . . . 1 . . . . . . . . . . . . . . . . . 37 Route ------- -11/Scrapyard -10/Materials (discovered 3 exits: *Mat / *Min / [*Sub]) -10/Mines (discovered 3 exits: *Mat x2 / [*Exi]) -9/Materials (discovered 6 exits: [*Mat x2] / *Min x2 / *Sto x2) -9/Storage (discovered 2 exits: [*Mat] / *Rec) -9/Recycling (discovered 2 exits: [*Fac] / *Scr) -9/Scraptown (discovered 2 exits: *Fac x2) -6/Factory -6/Waste -6/Factory (discovered 7 exits: *Fac x3 / *Low x2 / Ext x2) -6/Lower Caves -6/Lower Caves -6/Zion -5/Proximity Caves -5/Factory (discovered 4 exits: *Fac x2 / *Upp x2) -5/Upper Caves -5/Upper Caves -5/Zhirov -4/Proximity Caves -4/Factory (discovered 6 exits: *Res x3 / *Upp x2 / Arm) -4/Upper Caves -4/Upper Caves (discovered 2 exits: *Res / *War) -4/Warlord -3/Proximity Caves -3/Research (discovered 2 exits: Res / *Tes) -3/Testing -2/Research (discovered 4 exits: *Acc x2 / *Qua x2) -2/Quarantine (discovered 3 exits: *Acc / [*Sec] / *Frg) -2/Protoforge History --------- Turn | Location | Event 17 | -11/Scrapyard | Discovered new exit (range 15) 131 | -11/Scrapyard | Entered Materials 305 | -10/Materials | Build established: Mutant 876 | -10/Materials | Discovered new exit (range 6) 931 | -10/Materials | Discovered new exit (range 9) 994 | -10/Materials | Discovered new exit (range 10) 1002 | -10/Materials | Central database locked down 1016 | -10/Materials | Entered Mines 1036 | -10/Mines | Discovered new exit (range 7) 1072 | -10/Mines | Deemed a non-threat by the Exiles lab entrance 1113 | -10/Mines | Discovered new exit (range 15) 1181 | -10/Mines | Core integrity fell below 50% 1203 | -10/Mines | Discovered new exit (range 10) 1214 | -10/Mines | Central database locked down 1326 | -10/Mines | Learned location of Zion (-6) 1343 | -10/Mines | Found the Drone Emporium 1349 | -10/Mines | Found Prototype Device 1599 | -10/Mines | Entered Materials 1599 | -9/Materials | Evolved 2 slots: Propulsion x1, Utility x1 1601 | -9/Materials | Identified Decoy Drone Bay 1871 | -9/Materials | Identified exit to Mines 1871 | -9/Materials | Identified exit to Storage 1899 | -9/Materials | Repaired Lgt. Treads 1933 | -9/Materials | Repaired Arm. Wheel 2323 | -9/Materials | Discovered new exit (range 8) 2771 | -9/Materials | Discovered new exit (range 9) 3354 | -9/Materials | Repaired Lgt. Treads+ 3406 | -9/Materials | Repaired Cld. Ion Engine 3431 | -9/Materials | Entered Storage 4275 | -9/Storage | Discovered new exit (range 16) 4521 | -9/Storage | Repaired Hrd. Light Armor Plating 4749 | -9/Storage | Learned 2 Materials zone layouts 4804 | -9/Storage | Learned 2 Storage zone layouts 4805 | -9/Storage | Learned Materials trap positions 4915 | -9/Storage | Met a pair of Derelict thieves 5282 | -9/Storage | Used back door to open Recycling access 5282 | -9/Storage | Discovered new exit (range 5) 5288 | -9/Storage | Entered Recycling 5288 | -9/Recycling | Accompanied by 2 allies 5289 | -9/Recycling | Joined Warlord attack on 0b10 via Recycling 5664 | -9/Recycling | Learned Materials stockpile data 5732 | -9/Recycling | Learned Materials security intel 5759 | -9/Recycling | Discovered new exit (range 15) 5789 | -9/Recycling | Identified exit to Scraptown 5872 | -9/Recycling | Learned Materials emergency access door positions 5912 | -9/Recycling | Scanned before Scraplab entrance 5920 | -9/Recycling | Learned 2 Storage zone layouts 5932 | -9/Recycling | Entered Scraplab 5966 | -9/Recycling | Entered Scraptown 5966 | -9/Scraptown | Accompanied by 7 allies 5966 | -9/Scraptown | System corruption cleaned by C-Scrubber 6043 | -9/Scraptown | Build established: Commander-Mutant 6327 | -9/Scraptown | Discovered new exit (range 11) 6361 | -9/Scraptown | Visited The Evicted 6386 | -9/Scraptown | Visited Cyclists 6460 | -9/Scraptown | Visited Bundlers 6536 | -9/Scraptown | Visited Comm Corps 6564 | -9/Scraptown | Visited Junk Repository 6644 | -9/Scraptown | Visited UFD Registry 6644 | -9/Scraptown | Registered with UFD as "Kinetidriver" 6763 | -9/Scraptown | Visited A0-MCA Data Center 6770 | -9/Scraptown | Given a B- rating by A0-MCA 6776 | -9/Scraptown | Found A0-MCA's Component Scanner 6804 | -9/Scraptown | Visited Supply Room 6837 | -9/Scraptown | Visited Derelict Rescue Squad 6849 | -9/Scraptown | Found DRS Beacon 6874 | -9/Scraptown | Visited Chapter 10 6887 | -9/Scraptown | Visited Science Testing Area 6905 | -9/Scraptown | Visited DA-N13 Charitable Foundation 6917 | -9/Scraptown | Found DCF Scrap (29 items) 6942 | -9/Scraptown | Visited Junk Cannon Lab 6968 | -9/Scraptown | Visited Botcube Research 6990 | -9/Scraptown | Visited Junk Repository 7168 | -9/Scraptown | Found Lrg. Botcube 7574 | -9/Scraptown | Found Scrap Suit 7592 | -9/Scraptown | Discovered new exit (range 3) 8085 | -9/Scraptown | Lrg. Botcube activated 8117 | -9/Scraptown | Lrg. Botcube completed mutation into wheeled form, armed with 4 guns. 8224 | -9/Scraptown | Found Prototype Special Weapon 8628 | -9/Scraptown | Met Optimus 8628 | -9/Scraptown | Accepted into 0bPrime 8699 | -9/Scraptown | Entered Factory 8699 | -6/Factory | Accompanied by 8 allies 8699 | -6/Factory | Evolved 6 slots: Power x1, Propulsion x2, Utility x3 8799 | -6/Factory | Discovered new exit (range 16) 8886 | -6/Factory | Fabricated Imp. Flight Unit? 9011 | -6/Factory | Loaded intel: 8 recycling unit locations 9103 | -6/Factory | Repaired Arm. Huge Wheel 9154 | -6/Factory | Repaired Lrn. Missile Launcher+ 9333 | -6/Factory | Build established: Mutant 9336 | -6/Factory | Cargo convoy interrupted 9411 | -6/Factory | Lost 6 parts (1p2u3w) 9569 | -6/Factory | Learned location of Protoforge (-2) 9755 | -6/Factory | Sucked down chute 9755 | -6/Factory | Entered Waste 9756 | -6/Waste | Met a frightened Derelict 9770 | -6/Waste | EMP discharged 9792 | -6/Waste | Spotted C-40 Crusher 9802 | -6/Waste | Spotted C-40 Crusher 9803 | -6/Waste | Spotted C-40 Crusher 9803 | -6/Waste | Spotted C-40 Crusher 9809 | -6/Waste | Spotted C-40 Crusher 9813 | -6/Waste | Discovered new exit (range 12) 9813 | -6/Waste | Spotted C-40 Crusher 9817 | -6/Waste | Entered Factory 9840 | -6/Factory | Identified exit to Lower Caves 9840 | -6/Factory | Identified exit to Extension 9870 | -6/Factory | Loaded intel: 8 recycling unit locations 9875 | -6/Factory | Repaired Corrupted Impulse Thruster Array? 10077 | -6/Factory | Discovered new exit (range 10) 10241 | -6/Factory | Build established: Hacker-Sprinter 10305 | -6/Factory | Core integrity fell below 50% 10493 | -6/Factory | Discovered new exit (range 5) 10496 | -6/Factory | Identified exit to Factory 10563 | -6/Factory | Cargo convoy interrupted 10593 | -6/Factory | Discovered exit to Factory (range 15) 10713 | -6/Factory | Entered Lower Caves 10742 | -6/Lower Caves | System corruption reached 10% 10772 | -6/Lower Caves | Lost 5 parts (2p1n2u) 10820 | -6/Lower Caves | Activated DRS Beacon 10863 | -6/Lower Caves | Spotted B-75 Beast 10878 | -6/Lower Caves | Core integrity fell below 20% 10883 | -6/Lower Caves | Destroyed B-75 Beast 11072 | -6/Lower Caves | Learned Factory emergency access door positions 11146 | -6/Lower Caves | Found Alien Artifact 11146 | -6/Lower Caves | Identified Core Expander 11146 | -6/Lower Caves | Installed Core Expander, added new Power slot 11231 | -6/Lower Caves | Discovered new exit (range 11) 11256 | -6/Lower Caves | Identified exit to Lower Caves 11303 | -6/Lower Caves | Entered another Lower Caves area 11305 | -6/Lower Caves | Attracted the attention of an 0b10 checkpoint 11309 | -6/Lower Caves | Murdered 3 allies 11331 | -6/Lower Caves | Found DCF Scrap (14 items) 11385 | -6/Lower Caves | Discovered new exit (range 6) 11393 | -6/Lower Caves | Identified exit to Zion 11417 | -6/Lower Caves | Entered Zion 11428 | -6/Zion | System corruption cleaned by Quarantine Array 11453 | -6/Zion | Discovered new exit (range 16) 11458 | -6/Zion | Given the Hacking Drone Bay 11506 | -6/Zion | Learned Factory emergency access door positions 11511 | -6/Zion | Acquired unknown access codes intercepted by a Zionite 11539 | -6/Zion | Turned away by Imprinter 11593 | -6/Zion | Learned location of Warlord (-4) 11613 | -6/Zion | Found CR-A16's Pointy Stick 11622 | -6/Zion | Gained Derelict followers 11675 | -6/Zion | Identified exit to Proximity Caves 11761 | -6/Zion | Entered Proximity Caves 11761 | -5/Proximity Caves | Accompanied by 5 allies 11763 | -5/Proximity Caves | Attracted the attention of an 0b10 outpost 11936 | -5/Proximity Caves | Learned Factory interactive machine intel 12068 | -5/Proximity Caves | Lost 3 allies 12083 | -5/Proximity Caves | Received a Behemoth hack from an annoying Tinkerer 12341 | -5/Proximity Caves | Learned Factory emergency access door positions 12614 | -5/Proximity Caves | Discovered exit to Factory (range 16) 12670 | -5/Proximity Caves | Entered Factory 12670 | -5/Factory | Accompanied by 1 ally 12670 | -5/Factory | Evolved 2 slots: Propulsion x1, Utility x1 12672 | -5/Factory | Loaded intel: 54 interactive machine locations 12817 | -5/Factory | Loaded intel: 8 recycling unit locations 12825 | -5/Factory | Destroyed 7 combat bots 12919 | -5/Factory | Identified exit to Upper Caves 13001 | -5/Factory | Build established: Hacker-Mutant 13119 | -5/Factory | Fabricated X-82 Rainmaker? 13499 | -5/Factory | Destroyed 10 combat bots 13511 | -5/Factory | Discovered new exit (range 5) 13513 | -5/Factory | Identified exit to Factory 13598 | -5/Factory | Build established: Hacker-Scout 13758 | -5/Factory | Repaired Hyp. Gauss Cannon+? 14027 | -5/Factory | Discovered exit to Factory (range 21) 14164 | -5/Factory | Fabricated Adv. Hacking Suite? 14238 | -5/Factory | Entered Upper Caves 14297 | -5/Upper Caves | Attracted the attention of an 0b10 checkpoint 14403 | -5/Upper Caves | Attracted the attention of an 0b10 outpost 14564 | -5/Upper Caves | Learned 4 Factory zone layouts 14923 | -5/Upper Caves | Found Imp. Powered Armor 15116 | -5/Upper Caves | Discovered new exit (range 21) 15181 | -5/Upper Caves | Identified exit to Upper Caves 15182 | -5/Upper Caves | Entered another Upper Caves area 15188 | -5/Upper Caves | Build established: Scout 15396 | -5/Upper Caves | P-70 Sage assimilated allied Soldier 6b 15449 | -5/Upper Caves | Lost 3 allies 15456 | -5/Upper Caves | Discovered new exit (range 10) 15489 | -5/Upper Caves | Identified exit to Zhirov 15490 | -5/Upper Caves | Attracted the attention of an 0b10 checkpoint 15490 | -5/Upper Caves | Entered Zhirov 15490 | -5/Zhirov | Discovered new exit (range 3) 15502 | -5/Zhirov | Met Zhirov 15525 | -5/Zhirov | Learned location of Quarantine (-2) 15525 | -5/Zhirov | Learned location of Testing (-3) 15525 | -5/Zhirov | Learned location of Command (-1) 15529 | -5/Zhirov | Zhirov requested help retrieving the SGEMP Prototype 15539 | -5/Zhirov | Found Alien Artifact 15539 | -5/Zhirov | Identified Integrated Reactor 15539 | -5/Zhirov | Installed Integrated Reactor, increased core energy generation (+10) 15589 | -5/Zhirov | Found Alien Artifact 15620 | -5/Zhirov | Identified exit to Proximity Caves 15621 | -5/Zhirov | Entered Proximity Caves 15632 | -4/Proximity Caves | Spotted B-86 Titan 15633 | -4/Proximity Caves | Befriended a Behemoth using the annoying Tinkerer's hack 15651 | -4/Proximity Caves | Revealed the true nature of CR-A16's Pointy Stick 15651 | -4/Proximity Caves | Destroyed B-86 Titan 15803 | -4/Proximity Caves | Learned 4 Research zone layouts 15900 | -4/Proximity Caves | Discovered exit to Factory (range 14) 15916 | -4/Proximity Caves | Entered Factory 15916 | -4/Factory | Evolved 2 slots: Propulsion x1, Utility x1 15917 | -4/Factory | Identified exit to Research 15917 | -4/Factory | Identified exit to Armory 16002 | -4/Factory | Loaded intel: 8 recycling unit locations 16032 | -4/Factory | Spotted B-86 Titan 16048 | -4/Factory | Destroyed B-86 Titan 16054 | -4/Factory | Identified exit to Upper Caves 16115 | -4/Factory | Found Prototype Processor 16119 | -4/Factory | Identified Exp. Signal Interpreter 16175 | -4/Factory | Destroyed 7 combat bots 16230 | -4/Factory | Repaired Imp. Powered Armor? 16352 | -4/Factory | Lost 4 parts (2p1n1u) 16409 | -4/Factory | Discovered exit to Research (range 13) 16429 | -4/Factory | Fabricated Adv. Hacking Suite? 16534 | -4/Factory | Lost 3 parts (1n2u) 16705 | -4/Factory | Found Quantum Capacitor 16917 | -4/Factory | Discovered exit to Research (range 5) 17166 | -4/Factory | First assault squad dispatched 17195 | -4/Factory | Repaired Cmb. Gravmag System+ 17334 | -4/Factory | Repaired Broken Hyp. Gauss Cannon+? 17379 | -4/Factory | Unchained authorized (6S-H0T) 17395 | -4/Factory | Repaired Imp. Powered Armor? 17425 | -4/Factory | Entered Upper Caves 17672 | -4/Upper Caves | Discovered new exit (range 12) 17677 | -4/Upper Caves | Identified exit to Upper Caves 17682 | -4/Upper Caves | Entered another Upper Caves area 17704 | -4/Upper Caves | Build established: Scavenger-Scout 17726 | -4/Upper Caves | Discovered exit to Research (range 16) 17824 | -4/Upper Caves | Discovered new exit (range 8) 17914 | -4/Upper Caves | Entered Warlord 17930 | -4/Warlord | System corruption cleaned by Quarantine Array 18023 | -4/Warlord | Learned Research security intel 18023 | -4/Warlord | Learned Armory repair station intel 18023 | -4/Warlord | Learned 4 Armory zone layouts 18023 | -4/Warlord | Learned 4 Research zone layouts 18023 | -4/Warlord | Learned Armory stockpile data 18023 | -4/Warlord | Learned Testing stockpile data 18137 | -4/Warlord | Found Prototype Device 18137 | -4/Warlord | Identified Thermal Barrier 18144 | -4/Warlord | Found Prototype Reactor 18144 | -4/Warlord | Identified Vortex Chain Reactor 18156 | -4/Warlord | Visited the Vortex Lab 18157 | -4/Warlord | Found Prototype Energy Gun 18157 | -4/Warlord | Identified Vortex Shotgun 18162 | -4/Warlord | Found Prototype Piercing Weapon 18162 | -4/Warlord | Identified Vortex Lance 18166 | -4/Warlord | Warlord's base attacked by MAIN.C 18207 | -4/Warlord | Rebuked by Warlord 18289 | -4/Warlord | Spotted B-86 Titan 18302 | -4/Warlord | Spotted B-90 Cyclops 18322 | -4/Warlord | Destroyed B-90 Cyclops 18378 | -4/Warlord | Warlord forces counterattacked 18457 | -4/Warlord | Lost 7 allies 18464 | -4/Warlord | Destroyed 7 combat bots 18466 | -4/Warlord | Spotted Striker 18466 | -4/Warlord | Spotted B-86 Titan 18466 | -4/Warlord | Spotted B-90 Cyclops 18468 | -4/Warlord | Destroyed Striker 18469 | -4/Warlord | P-70 Sage assimilated allied AS-SLO(M) 18471 | -4/Warlord | P-70 Sage assimilated allied IM-7EW(g) 18509 | -4/Warlord | Destroyed B-90 Cyclops 18539 | -4/Warlord | Lost 9 allies 18581 | -4/Warlord | Spotted Executioner 18637 | -4/Warlord | Lost 13 allies 18715 | -4/Warlord | Lost 4 allies 18774 | -4/Warlord | Spotted Striker 18816 | -4/Warlord | Build established: Scavenger-Mutant 18822 | -4/Warlord | Lost 3 allies 18826 | -4/Warlord | Spotted Executioner 18841 | -4/Warlord | Warlord base infiltrated, sounded retreat 18841 | -4/Warlord | Spotted Striker 18880 | -4/Warlord | Spotted Striker 18884 | -4/Warlord | Spotted B-90 Cyclops 18885 | -4/Warlord | Spotted Executioner 18887 | -4/Warlord | Spotted Executioner 18900 | -4/Warlord | Destroyed Striker 18951 | -4/Warlord | System corruption reached 10% 18957 | -4/Warlord | Murdered LV-01A 18958 | -4/Warlord | Lost 5 allies 18974 | -4/Warlord | Spotted B-86 Titan 19029 | -4/Warlord | Discovered new exit (range 12) 19039 | -4/Warlord | Identified exit to Proximity Caves 19042 | -4/Warlord | Entered Proximity Caves 19053 | -3/Proximity Caves | Lost 4 allies 19206 | -3/Proximity Caves | Discovered exit to Research (range 11) 19231 | -3/Proximity Caves | Entered Research 19231 | -3/Research | Evolved 2 slots: Utility x2 19232 | -3/Research | Identified exit to Research 19275 | -3/Research | Central database locked down 19275 | -3/Research | Identified Transdimensional Reconstructor 19355 | -3/Research | Discovered new exit (range 5) 19356 | -3/Research | Identified exit to Testing 19366 | -3/Research | Spotted B-86 Titan 19370 | -3/Research | Destroyed B-86 Titan 19388 | -3/Research | Found Gamma Bomb Array 19472 | -3/Research | Fabricated Neutron Missile Launcher? 19614 | -3/Research | Lost 4 parts (1p2u1w) 19686 | -3/Research | Spotted B-86 Titan 19704 | -3/Research | Fabricated Cmb. Linear Gravjet? 19731 | -3/Research | First assault squad dispatched 19749 | -3/Research | Destroyed B-86 Titan 19757 | -3/Research | Loaded intel: 5 recycling unit locations 19891 | -3/Research | Build established: Hacker-Mutant 19898 | -3/Research | Entered Testing 19992 | -3/Testing | Found Prototype Protection 19992 | -3/Testing | Identified SHELL Armor 20031 | -3/Testing | Protovariant out of control (PP-BQGF5R0VHZ) 20047 | -3/Testing | Fabricated Cld. Linear Gravjet (x1) 20149 | -3/Testing | Spotted Investigator 20173 | -3/Testing | Discovered exit to Research (range 20) 20184 | -3/Testing | Found Prototype Energy Gun 20184 | -3/Testing | Identified Tachyon Dispersion Ray 20202 | -3/Testing | Found Prototype Energy Cannon 20202 | -3/Testing | Identified Potential Cannon 20224 | -3/Testing | Entered Research 20224 | -2/Research | Evolved 2 slots: Propulsion x1, Utility x1 20266 | -2/Research | Build established: Hacker-Scout 20354 | -2/Research | Discovered new exit (range 17) 20384 | -2/Research | Identified exit to Access 20502 | -2/Research | Spotted B-90 Cyclops 20582 | -2/Research | Discovered exit to Access (range 17) 20594 | -2/Research | Identified exit to Quarantine 20664 | -2/Research | Spotted B-90 Cyclops 20666 | -2/Research | Destroyed B-90 Cyclops 20714 | -2/Research | Entered Quarantine 20805 | -2/Quarantine | Repaired Cld. Antigrav System 20913 | -2/Quarantine | Cryocooling Duct disabled 20928 | -2/Quarantine | Ambient heat levels rising (+20) 20928 | -2/Quarantine | Non-combat units ordered to evacuate 21138 | -2/Quarantine | Found Alien Artifact 21140 | -2/Quarantine | Identified Subatomic Replicator 21140 | -2/Quarantine | Used Subatomic Replicator to create Alien Artifact 21164 | -2/Quarantine | Discovered exit to Access (range 15) 21405 | -2/Quarantine | Spotted Fortress 21438 | -2/Quarantine | Discovered new exit (range 5) 21438 | -2/Quarantine | Discovered new exit (range 6) 21439 | -2/Quarantine | Identified exit to Protoforge 21464 | -2/Quarantine | Search patrols dispatched 21664 | -2/Quarantine | Entered Protoforge 21825 | -2/Protoforge | Superfortress began startup sequence 21990 | -2/Protoforge | Spotted Hotshot 21990 | -2/Protoforge | Spotted Hotshot 22041 | -2/Protoforge | Spotted AP7-3 22042 | -2/Protoforge | Spotted AP7-3 22060 | -2/Protoforge | Spotted EXE-6 22060 | -2/Protoforge | Spotted EXE-6 22083 | -2/Protoforge | UFD initiated attack on Protoforge 22083 | -2/Protoforge | Loaded intel: 3 recycling unit locations 22119 | -2/Protoforge | Optimus greeted in Protoforge 22135 | -2/Protoforge | Found Prototype Processor 22135 | -2/Protoforge | Identified Exp. Targeting Computer 22139 | -2/Protoforge | Found Prototype Device 22139 | -2/Protoforge | Identified Exp. ECM Suite 22142 | -2/Protoforge | Found Prototype Processor 22142 | -2/Protoforge | Identified Exp. Target Analyzer 22145 | -2/Protoforge | Found Prototype Ballistic Gun 22145 | -2/Protoforge | Identified Cep. XC Strikerail 22148 | -2/Protoforge | Found Exp. Target Analyzer 22149 | -2/Protoforge | Lost 8 allies 22160 | -2/Protoforge | Found Cep. XC Strikerail 22163 | -2/Protoforge | Found Prototype Processor 22163 | -2/Protoforge | Identified Exp. Core Analyzer 22166 | -2/Protoforge | Found Prototype Device 22166 | -2/Protoforge | Identified Exp. Kinecellerator 22181 | -2/Protoforge | Spotted SKR-2 22182 | -2/Protoforge | Spotted SKR-2 22182 | -2/Protoforge | Spotted SKR-2 22202 | -2/Protoforge | Spotted EXE-6 22204 | -2/Protoforge | Spotted EXE-6 22210 | -2/Protoforge | Destroyed EXE-6 22216 | -2/Protoforge | Destroyed EXE-6 22218 | -2/Protoforge | Spotted Overlord 22251 | -2/Protoforge | Forge Plexus network access discovered 22260 | -2/Protoforge | Found Exp. Active Sensor Suite 22269 | -2/Protoforge | Lost 8 allies 22270 | -2/Protoforge | Found Cep. XC Strikerail 22335 | -2/Protoforge | System corruption reached 10% 22394 | -2/Protoforge | Spotted Striker 22409 | -2/Protoforge | Spotted Executioner 22409 | -2/Protoforge | Spotted Executioner 22419 | -2/Protoforge | Destroyed Executioner 22422 | -2/Protoforge | Spotted Immortal 22422 | -2/Protoforge | Destroyed Executioner 22427 | -2/Protoforge | Spotted Immortal 22428 | -2/Protoforge | Spotted Immortal 22449 | -2/Protoforge | Found Exp. Core Analyzer 22474 | -2/Protoforge | Lost 5 allies 22479 | -2/Protoforge | Spotted Executioner 22484 | -2/Protoforge | Spotted Executioner 22494 | -2/Protoforge | Destroyed Executioner 22515 | -2/Protoforge | Destroyed Executioner 22529 | -2/Protoforge | Spotted B-90 Cyclops 22530 | -2/Protoforge | Befriended a Behemoth using the annoying Tinkerer's hack 22538 | -2/Protoforge | Spotted Executioner 22540 | -2/Protoforge | Spotted Executioner 22541 | -2/Protoforge | Spotted Hotshot 22542 | -2/Protoforge | Spotted Hotshot 22543 | -2/Protoforge | Destroyed Hotshot 22575 | -2/Protoforge | Lost 6 allies 22579 | -2/Protoforge | Spotted Hotshot 22611 | -2/Protoforge | Lost 3 parts (2u1w) 22611 | -2/Protoforge | Destroyed Executioner 22625 | -2/Protoforge | Destroyed Hotshot 22627 | -2/Protoforge | UFD reported confirmed Drillbomb installation 22629 | -2/Protoforge | Destroyed Executioner 22635 | -2/Protoforge | Spotted Hotshot 22647 | -2/Protoforge | Destroyed Hotshot 22659 | -2/Protoforge | Destroyed Hotshot 22667 | -2/Protoforge | Spotted Executioner 22669 | -2/Protoforge | Spotted Striker 22674 | -2/Protoforge | Destroyed Executioner 22682 | -2/Protoforge | Destroyed Striker 22730 | -2/Protoforge | Spotted Hotshot 22741 | -2/Protoforge | Spotted Hotshot 22742 | -2/Protoforge | Destroyed Hotshot 22749 | -2/Protoforge | Destroyed Hotshot 22770 | -2/Protoforge | Spotted Striker 22770 | -2/Protoforge | Spotted Striker 22770 | -2/Protoforge | Spotted Striker 22771 | -2/Protoforge | Spotted Striker 22808 | -2/Protoforge | Spotted Executioner 22809 | -2/Protoforge | Destroyed 24 combat bots 22813 | -2/Protoforge | Spotted Executioner 22819 | -2/Protoforge | Destroyed Executioner 22827 | -2/Protoforge | Lost 3 allies 22883 | -2/Protoforge | Destroyed Executioner 22887 | -2/Protoforge | Build established: Scavenger-Mutant 22887 | -2/Protoforge | Spotted Striker 22900 | -2/Protoforge | Spotted Executioner 22912 | -2/Protoforge | Destroyed Striker 22920 | -2/Protoforge | Destroyed Executioner 22947 | -2/Protoforge | Found Cep. Concussive Dispersal Blaster 22949 | -2/Protoforge | Found Cep. Concussive Dispersal Blaster 22951 | -2/Protoforge | Found Cep. Concussive Dispersal Blaster 22956 | -2/Protoforge | Found Cep. Concussive Dispersal Blaster 22957 | -2/Protoforge | Found Cep. Concussive Dispersal Blaster 22977 | -2/Protoforge | UFD reported confirmed Drillbomb installation 22978 | -2/Protoforge | UFD reported confirmed Drillbomb installation 22981 | -2/Protoforge | Additional patrols dispatched to research labs 23041 | -2/Protoforge | Core integrity fell below 50% 23050 | -2/Protoforge | Spotted Executioner 23051 | -2/Protoforge | Spotted Executioner 23051 | -2/Protoforge | Spotted Executioner 23052 | -2/Protoforge | Spotted Executioner 23061 | -2/Protoforge | Found Exp. Core Analyzer 23068 | -2/Protoforge | Destroyed Executioner 23074 | -2/Protoforge | Destroyed Executioner 23106 | -2/Protoforge | Destroyed Executioner 23107 | -2/Protoforge | Spotted Executioner 23107 | -2/Protoforge | Spotted Striker 23128 | -2/Protoforge | Destroyed Executioner 23153 | -2/Protoforge | Spotted Striker 23156 | -2/Protoforge | Spotted Striker 23162 | -2/Protoforge | Destroyed Striker 23170 | -2/Protoforge | Destroyed Striker 23215 | -2/Protoforge | Destroyed 22 combat bots 23224 | -2/Protoforge | Lost 10 allies 23234 | -2/Protoforge | Spotted Striker 23234 | -2/Protoforge | Spotted Striker 23235 | -2/Protoforge | Spotted Executioner 23237 | -2/Protoforge | Spotted Executioner 23237 | -2/Protoforge | Destroyed Striker 23247 | -2/Protoforge | Destroyed Executioner 23268 | -2/Protoforge | Destroyed 9 combat bots 23284 | -2/Protoforge | Spotted Executioner 23286 | -2/Protoforge | Spotted Executioner 23289 | -2/Protoforge | Core integrity fell below 20% 23316 | -2/Protoforge | Destroyed Executioner 23445 | -2/Protoforge | Spotted Executioner 23461 | -2/Protoforge | Destroyed Executioner 23468 | -2/Protoforge | Spotted Striker 23469 | -2/Protoforge | Spotted Striker 23502 | -2/Protoforge | Destroyed 10 combat bots 23523 | -2/Protoforge | Found Scrap Suit 23527 | -2/Protoforge | Lost 6 allies 23547 | -2/Protoforge | Spotted Executioner 23549 | -2/Protoforge | Spotted Striker 23555 | -2/Protoforge | Spotted Striker 23558 | -2/Protoforge | Spotted Executioner 23571 | -2/Protoforge | Destroyed Striker 23581 | -2/Protoforge | UFD reported confirmed Drillbomb installation 23583 | -2/Protoforge | Destroyed Executioner 23593 | -2/Protoforge | Destroyed Executioner 23620 | -2/Protoforge | Lost 5 allies 23634 | -2/Protoforge | Destroyed 10 combat bots 23761 | -2/Protoforge | Spotted Executioner 23784 | -2/Protoforge | Found Exp. Core Analyzer 23785 | -2/Protoforge | Spotted Striker 23787 | -2/Protoforge | Spotted Striker 23795 | -2/Protoforge | Destroyed Striker 23807 | -2/Protoforge | Destroyed Striker 23811 | -2/Protoforge | Found Scrap Suit 23845 | -2/Protoforge | Spotted Striker 23897 | -2/Protoforge | Found Cep. Core Shell 23900 | -2/Protoforge | Found Cep. Core Shell 23920 | -2/Protoforge | Build established: Scavenger-Scrapper 23944 | -2/Protoforge | Spotted Striker 23984 | -2/Protoforge | Lost 5 allies 23985 | -2/Protoforge | Spotted Striker 23985 | -2/Protoforge | Spotted Striker 24024 | -2/Protoforge | Spotted Striker 24054 | -2/Protoforge | Spotted Striker 24056 | -2/Protoforge | Spotted Striker 24088 | -2/Protoforge | Spotted Executioner 24090 | -2/Protoforge | P-80 Master assimilated allied 02FCX-D 24091 | -2/Protoforge | Spotted Striker 24114 | -2/Protoforge | Destroyed Striker 24125 | -2/Protoforge | Spotted Executioner 24166 | -2/Protoforge | Lost 17 allies 24169 | -2/Protoforge | Spotted Executioner 24190 | -2/Protoforge | Destroyed Executioner 24193 | -2/Protoforge | Spotted Striker 24201 | -2/Protoforge | Spotted Striker 24232 | -2/Protoforge | Found UFD Drillbomb 24250 | -2/Protoforge | Lost 3 allies 24380 | -2/Protoforge | Lost 5 allies 24420 | -2/Protoforge | Installed UFD Drillbomb at designated target 24420 | -2/Protoforge | UFD reported confirmed Drillbomb installation 24452 | -2/Protoforge | Spotted Executioner 24456 | -2/Protoforge | Spotted Striker 24461 | -2/Protoforge | Destroyed Striker 24463 | -2/Protoforge | Destroyed Executioner 24499 | -2/Protoforge | Found UFD Drillbomb 24569 | -2/Protoforge | Installed UFD Drillbomb at designated target 24569 | -2/Protoforge | UFD reported confirmed Drillbomb installation 24603 | -2/Protoforge | Spotted Executioner 24609 | -2/Protoforge | Spotted Executioner 24613 | -2/Protoforge | Destroyed Executioner 24617 | -2/Protoforge | Destroyed Executioner 24622 | -2/Protoforge | Found UFD Drillbomb 24658 | -2/Protoforge | Spotted Striker 24658 | -2/Protoforge | Spotted Striker 24670 | -2/Protoforge | Destroyed Striker 24682 | -2/Protoforge | Destroyed Striker 24721 | -2/Protoforge | Destroyed 7 combat bots 24724 | -2/Protoforge | Found Scrap Suit 24786 | -2/Protoforge | Spotted Immortal 24790 | -2/Protoforge | Spotted Immortal 24801 | -2/Protoforge | Installed UFD Drillbomb at designated target 24801 | -2/Protoforge | UFD reported confirmed Drillbomb installation 24811 | -2/Protoforge | Found UFD Drillbomb 24849 | -2/Protoforge | Spotted Executioner 24849 | -2/Protoforge | Spotted Striker 24850 | -2/Protoforge | Spotted Executioner 24852 | -2/Protoforge | Spotted Striker 24855 | -2/Protoforge | Lost 3 allies 24890 | -2/Protoforge | Lost 3 parts (1n1u1w) 24896 | -2/Protoforge | Destroyed by Striker with Plasma Lance Last Messages --------------- 24867_ Ovr. Huge Scrapsphere repairs itself (+23). 24873_ System corrupted: Heat flow error (+180). 24873_ Knocked back. 24875_ Slug penetrates Wall. 24884_ Acquired 15 matter. 24889_ Slug penetrates H-88 Terminator. 24891_ N-04 Retriever collects Exp. Optical Array. 24891_ N-04 Retriever collects Exp. Heat Sink. 24891_ Med. Treads destroyed. 24892_ N-04 Retriever collects Unknown Processor. 24892_ N-04 Retriever collects Prototype Device. 24892_ Slug penetrates 02FFS-D. 24894_ System corrupted: Energy discharge (-167). 24894_ 02FFS-D cannibalizes Mak. Coolant Network to repair Mak. Coolant Network. 24894_ Penetrated by Slug. 24894_ Ovr. Huge Scrapsphere repairs itself (+34). 24894_ Slug penetrates H-88 Terminator. 24894_ H-88 Terminator destroyed. 24894_ Penetrated by Slug. Map ----- +----------------------------------------------------+ | # # " % ##""#"##%*!"# " [%*% %[%=!!!"" | | #######"####"! ## ##%""## " *%%!!!=%=%%%%!"" | | ####""#"#"##"% """"#" % %""""%"[%!""""#[!=!%% | | % % % %% % % %% % %! % %%%%!=!! | | = % % % % % %% % *#! | | !% % % % % % % % " | | %"""""""#""""=%""##;## %######""####"# ###"## | | * ##### # #;% "############"# ###### | | / + ! """# #; "##???## ## "#???? | | ###""! *!% """# ; % " #???## ## " #??? | | %####"!= = % *"# ; "##???## ## ###??? | | ##?#!%[""%["""# ;% " #???## ##! ###??? | | """" ##?##%""%b!= # ;% # ###### """ ## ###??? | | """" #####s%* %! ## ; ;;###### """ # ##??? | | """" # ###=!! # ; # # ""^# ##??? | | #####"#;#;;;;; ;;!## ; %; "" # + ##??? | | ###""#E l ;;=! ; %; "" # """%# ##?## | | " l *!;%;#;; =; " # # #### | | ; [s %%!% % !;% ; % #;;%#;##### | | # %%* ![= %% ; [|% ; [; ;%; ## | | # %%= ;=% ; !; %%;;;;;;;;;;%;s; " | | """ # !%%^=;%s "" =[%;%!%% [=[* %%[!*;;;%""% | | """ ; %=!% !==%=%"K %***[=*%%=%%=!==%!sss A%%% | | """ # ! %%% **[!!![ %%%!%%!!%% %=%%* !%=%%;;#""% | | """ "#;;;[%!;;%=%*%! %%K%/%!=[= !!![! %!=%% " | | "" ## ; % % % %%%%*%[[@%[%%*%%% [[ [!%*%; #" | | """ ## ; %! %% % [!==![ % ;;###!% " ##### | | """ ## % %%% % ;[!"" [= ; ###!=%"## | | ; [;% %%%%% ; ;;;; ; """ ; # " !% # """ | | #"""###*; ;=; ; # ; # ##" # """ | | %% % ; * ## ;###;###########" + """ | | ! ; # ## # # ## # %!! # """ | | "%%% % # # #"### # # " % # | | " # # ?? " + """" ##### ####+# | | " "" ### ##### # """" #####% %#### # | | "" """ ### ##### # """" ##?## %#### # | | """ """ "## "#?######## """" ##### #### # | | % ### "######## ### ### ### #### # | | "## ##"##############"#### ####+# | | ###+### " " % %+ % ##" "#" " | | ### ###"#"### ####! " ""%" | | # ##### ### # " " "" | | # ##??########"###"+"###" %"% # "" | | # ##?????####### " + % " + "" | | # ##??????????## " " "" %# # "" | | " # ##??????????## " "" # """S # # | | " # ##??????????## " "" # """""" # # | | # #####???????## S" # ## "#### | | # # #???????## " """ ######/#### # | | ##########???????## " """ # # % # 55 | +----------------------------------------------------+ Best States ------------- Heat Dissipation 111 Energy Generation 87 Energy Capacity 1040 Matter Stores 300 Matter Capacity 300 Sight Range 23 Robot Scan Range 20 Terrain Scan Density 10 ECM Strength 3 Jamming Range 14 Cloak Strength 3 Corruption Containment 8 Corruption Block 8 Armor Coverage 900 Resistance: TH 50 Resistance: EM 25 Core Shielding 90 Propulsion Shielding 66 Weapon Shielding 66 Evasion (%) 73 Targeting Accuracy 12 Melee Accuracy 14 Target Analysis 15 Core Analysis 12 Recoil Reduction 4 Particle Charging 20 Offensive Hacking 39 Defensive Hacking 14 Authchip Count 1 Trap Extractor Capacity 6 Item Schematics ----------------- Imp. Flight Unit | -9/Materials | Scanalyzed Arm. Wheel | -9/Materials | Scanalyzed Huge Storage Unit | -9/Materials | Scanalyzed Mni. Grenade Launcher | -9/Storage | Hacked System Shield | -9/Storage | Hacked Impulse Thruster Array | -6/Factory | Scanalyzed Neutron Missile Launcher | -6/Factory | Scanalyzed Imp. Component Analysis Suite | -6/Zion | Archive Angular Momentum Engine | -6/Zion | Archive Energy Well | -6/Zion | Archive Imp. Transmission Jammer | -6/Zion | Archive Phase Cannon | -6/Zion | Archive HERF Cannon | -6/Zion | Archive Imp. Particle Charger | -6/Zion | Archive Mni. Drone Bay | -6/Zion | Archive Imp. Cryofiber Web | -6/Zion | Archive Imp. Kinecellerator | -6/Zion | Archive Remote Shield | -6/Zion | Archive Imp. Launcher Guidance Computer | -6/Zion | Archive Hvy. Pick | -6/Zion | Archive Impulse Thruster | -6/Zion | Archive Adv. Hacking Suite | -5/Factory | Hacked Assault Drone Bay | -5/Zhirov | Free Exp. Heat Sink | -5/Zhirov | Free Exp. Optical Array | -5/Zhirov | Free Imp. Arc Thrower | -5/Zhirov | Free Cmb. Gravmag System | -4/Factory | Scanalyzed Cmb. Linear Gravjet | -3/Research | Scanalyzed Robot Schematics ------------------ A-02 Transporter | -6/Zion | Archive A-15 Conveyor | -6/Zion | Archive X-82 Rainmaker | -6/Zion | Archive Fabricated ------------ Imp. Flight Unit | x1 | -6/Factory | Authchip X-82 Rainmaker | x2 | -5/Factory | Authchip Adv. Hacking Suite | x1 | -5/Factory | Authchip Adv. Hacking Suite | x1 | -4/Factory Neutron Missile Launcher | x1 | -3/Research Cmb. Linear Gravjet | x2 | -3/Research | Authchip Cld. Linear Gravjet | x1 | -3/Testing | Preloaded Repaired ---------- Lgt. Treads | 12% | -9/Materials Arm. Wheel | 57% | -9/Materials Lgt. Treads | 52% | -9/Materials Cld. Ion Engine | 61% | -9/Materials Hrd. Light Armor Plating | 16% | -9/Storage Arm. Huge Wheel | 35% | -6/Factory Lrn. Missile Launcher | 62% | -6/Factory Impulse Thruster Array | 12% | -6/Factory | Corrupted Hyp. Gauss Cannon | 38% | -5/Factory Imp. Powered Armor | 2% | -4/Factory Cmb. Gravmag System | 51% | -4/Factory Hyp. Gauss Cannon | 48% | -4/Factory | Broken Imp. Powered Armor | 50% | -4/Factory Cld. Antigrav System | 32% | -2/Quarantine Studied --------- Autogun | -9/Materials | Hacked Arm. Wheel | -9/Materials | Hacked Mni. Grenade Launcher | -9/Materials | Hacked Rocket Launcher | -9/Materials | Hacked Lgt. Treads | -9/Materials | Hacked Imp. Treads | -9/Materials | Hacked Lrn. Missile Launcher | -6/Factory | Hacked Hyp. Gauss Rifle | -6/Factory | Hacked Nuclear Pulse Array | -5/Factory | Hacked Lgt. Fission Core | -5/Factory | Hacked Mic. Fission Core | -5/Factory | Hacked Hyp. Gauss Cannon | -5/Factory | Hacked Cmb. Gravmag System | -4/Factory | Hacked Hardcell Cannon | -4/Factory | Hacked Cmb. Antigrav System | -3/Research | Hacked Lgt. Antimatter Reactor | -3/Research | Hacked Cmb. Linear Gravjet | -2/Protoforge | Hacked Alien Tech Used ----------------- Core Expander Integrated Reactor Subatomic Replicator Achievements -------------- Fine I'll Do It Myself UFD MVP We Are One Challenges ------------ None Game ------ Seed HybridTerrabombStorm Manual? 0 Play Time 05:28:29 Cumulative 2004.8 hours Start 2025.10.26 @ 22:21:36 End 2025.10.27 @ 03:48:04 Sessions 1 Manual Loads 0 Difficulty Rogue Special Mode None Game No. 1308 Rogue 1304 Adventurer 4 Explorer 0 Win Type - Total 268 Types 201/12/21/10/3/1/4/9/5/2 Lore% 98 Gallery% 96 Achievement% 84 Wizard Run 0 Options --------- Layout 2 ASCII 0 Keyboard 1 Movement Vi Keybinds 0 Fullscreen 0 Font 24/Terminus Map View 59x48 Zoom Use 0% Tactical HUD 1 Map Filters NONE Filters NONE Steam 1 RUN: 1bfe8fbd-29f1-41e5-89fa-5d9fa9a57302